Cogmind - Beta 17.1 @@@ ROGUE MODE // 2026.09.24 @ 22:22:04 Player: Dadrick Result: Escaped! Performance ------------- Evolutions (9) 4500 Regions Visited (33) 6600 Robots Destroyed (481) 2405 Value Destroyed (26472) 26472 Prototype IDs (65) 1300 Alien Tech Used (8) 1600 Bonus (20820) 20820 TOTAL SCORE: 63697 Bonus ------- High Alert Combat Kills 3352 Follower Combat Kills 4515 Entered Garrisons 800 Network Hubs Disabled 200 Met Data Miner 300 Acquired ECA 300 Met Warlord at Base 500 MAIN.C Attacked Warlord 500 Warlord Defense Kills 3714 MAIN.C Attacked Proxy Base 500 Built Enhanced Grunts 300 Met R17 at Cetus 500 Met R17 at Research 2000 Met Warlord at Research 2000 Invited to Help at Command 2000 Win 3000 Friendly Fire -3661 Cogmind --------- Core Integrity 748/1850 Matter 1/300 Energy 231/240 System Corruption 21% Temperature Cool (6) +ITN Movement Walking (190) Ox1 Location To Epsilon Eridani Parts ------- > --- POWER (3) -------- Micro Antimatter Reactor Light Quantum Reactor > --- PROPULSION (7) --- Centrium Leg Centrium Leg Centrium Leg Centrium Leg > --- UTILITY (10) ----- Advanced Heat Sink High-capacity Storage Unit Experimental Optical Array Experimental Core Analyzer Experimental Core Analyzer Heavy Regenerative Plating Microwarp Drive > --- WEAPON (5) ------- Heavy Gauss Cannon Heavy Hardcell Cannon Enhanced Hardcell Cannon Gamma Bomb Array > --- INVENTORY (20) --- Experimental Matter Compressor (274) Advanced Sensor Array Advanced Sensor Array Improved Transmission Jammer Experimental Cloaking Device Graphene Brace Advanced Shield Generator AEGIS Remote Shield Advanced Point Defense System Long-range Tractor Beam Integrity Redistributor Enhanced Nova Cannon Heavy Hardcell Cannon Gamma Bomb Array Heavy Rocket Launcher Peak State ------------ > --- POWER ------------ Micro Antimatter Reactor Micro Antimatter Reactor Micro Antimatter Reactor > --- PROPULSION ------- Enhanced Biometal Leg Centrium Leg Centrium Leg Centrium Leg Myomer Exoskeleton > --- UTILITY ---------- High-capacity Storage Unit Experimental Optical Array Advanced Signal Interpreter Experimental Core Analyzer Experimental Core Analyzer Heavy Regenerative Plating Microwarp Drive > --- WEAPON ----------- Enhanced Nova Cannon Heavy Machine Gun Heavy Machine Gun Helical Railgun Hardcell Cannon > --- INVENTORY -------- Light Quantum Reactor Light Quantum Reactor Heavy Shield Leg Experimental Cooling System Experimental Matter Compressor Advanced Sensor Array Advanced Sensor Array Improved Transmission Jammer Experimental Cloaking Device Graphene Brace AEGIS Remote Shield Advanced Point Defense System Long-range Tractor Beam Transdimensional Reconstructor Integrity Redistributor Compact HERF Cannon Multirail Heavy Rocket Launcher [Rating: 242] Favorites ----------- Power Quantum Reactor Engine Improved Deuterium Engine Power Core Reinforced Fission Core Reactor Quantum Reactor Propulsion Light Treads Treads Light Treads Leg Centrium Leg Utility High-capacity Storage Unit Device Advanced Heat Sink Storage High-capacity Storage Unit Processor Advanced Signal Interpreter Hackware System Mapper Protection Centrium Medium Armor Plating Artifact Microwarp Drive Weapon Gauss Rifle Energy Gun Advanced Variable Charge Gun Energy Cannon Heavy Ion Cannon Ballistic Gun Gauss Rifle Ballistic Cannon Hypervelocity Mass Driver Launcher Heavy Rocket Launcher Special Weapon RU-N14's Throwing Claymores v3 Impact Weapon Powered Hammer Build | -11 -10 -10 -9 -9 -8 -8 -7 -7 -7 -7 -7 -7 -6 -6 -6 -6 -6 -6 -6 -6 -5 -5 -5 -5 -4 -4 -4 -4 -3 -2 -2 -2 -1 ------- Run | Yrd Mat Min Mat Min Mat Gar Fac Gar Fac Low Low Dat Pro Fac Gar Fac Ext Cet Arc Hub Fac Upp Upp War Pro Fac Gar Fac Res Res Tes Sec Acc Slots Evolved 18 | . . . 2 . 2 . 2 . . . . . . 2 . . . . . . 2 . . . . 2 . . 2 2 . . 2 Power 2 | . . . . . . . . . . . . . . 1 . . . . . . . . . . . . . . . 1 . . . Propulsion 5 | . . . 1 . . . 1 . . . . . . . . . . . . . 1 . . . . 1 . . . . . . 1 Utility 8 | . . . . . 2 . 1 . . . . . . . . . . . . . 1 . . . . 1 . . 1 1 . . 1 Weapon 3 | . . . 1 . . . . . . . . . . 1 . . . . . . . . . . . . . . 1 . . . . Parts Attached 352 | 7 7 6 28 2 19 5 16 6 8 1 . . 13 27 24 2 7 9 3 1 12 1 1 15 . 2 18 26 33 16 9 14 14 Power 32 | 1 1 1 2 . 2 1 1 2 . . . . 3 . 1 . 2 1 . . 1 . . 1 . . 2 3 . 2 2 2 1 Engine 9 | 1 1 . 1 . 2 . 1 1 . . . . . . . . 2 . . . . . . . . . . . . . . . . Core 6 | . . 1 1 . . 1 . 1 . . . . 1 . 1 . . . . . . . . . . . . . . . . . . Reactor 17 | . . . . . . . . . . . . . 2 . . . . 1 . . 1 . . 1 . . 2 3 . 2 2 2 1 Propulsion 108 | 2 . 4 11 . 6 2 5 1 3 . . . 5 13 8 . . 1 . 1 6 . . 2 . . 7 7 10 7 3 2 2 Treads 39 | 2 . 2 10 . 6 2 4 1 3 . . . 5 . 2 . . 1 . 1 . . . . . . . . . . . . . Leg 69 | . . 2 1 . . . 1 . . . . . . 13 6 . . . . . 6 . . 2 . . 7 7 10 7 3 2 2 Wheel . | . . . . . . . . . . . . . . . . . . . . . . . . . . . . . . . . . . Hover . | . . . . . . . . . . . . . . . . . . . . . . . . . . . . . . . . . . Flight . | . . . . . . . . . . . . . . . . . . . . . . . . . . . . . . . . . . Utility 104 | 2 3 . 2 1 4 . 7 1 4 1 . . 3 5 7 2 2 3 2 . 4 1 . 7 . 2 5 11 11 3 2 6 3 Device 54 | 1 2 . . . . . 2 . 1 1 . . 1 3 3 . 1 2 1 . 3 . . 4 . 1 2 10 7 2 2 2 3 Storage 5 | 1 1 . . . 1 . . . . . . . . . . . . . . . . . . 1 . . . . 1 . . . . Processor 14 | . . . . . 1 . 1 . 1 . . . 1 2 1 . . . . . 1 . . 2 . . . 1 1 . . 2 . Hackware 4 | . . . . . . . . . . . . . . . . 2 . . . . . . . . . 1 1 . . . . . . Protection 26 | . . . 2 1 2 . 4 1 2 . . . 1 . 3 . 1 1 1 . . 1 . . . . 2 . 2 1 . 1 . Artifact 1 | . . . . . . . . . . . . . . . . . . . . . . . . . . . . . . . . 1 . Weapon 108 | 2 3 1 13 1 7 2 3 2 1 . . . 2 9 8 . 3 4 1 . 1 . 1 5 . . 4 5 12 4 2 4 8 Energy Gun 23 | 1 2 . 2 1 4 . . . . . . . . . 1 . 1 2 . . . . . . . . 1 3 3 . 1 . 1 Energy Cannon 10 | . . . . . 2 1 . . . . . . . . . . . . . . . . . . . . . . 5 . 1 1 . Ballistic Gun 55 | 1 . 1 10 . . . 3 2 . . . . 1 7 7 . 2 2 1 . 1 . 1 1 . . 3 1 2 4 . 2 3 Ballistic Cannon 7 | . . . . . . . . . . . . . . . . . . . . . . . . . . . . 1 2 . . 1 3 Launcher 4 | . . . . . 1 1 . . . . . . . 1 . . . . . . . . . . . . . . . . . . 1 Special Weapon 6 | . 1 . . . . . . . . . . . 1 . . . . . . . . . . 4 . . . . . . . . . Impact Weapon 3 | . . . 1 . . . . . 1 . . . . 1 . . . . . . . . . . . . . . . . . . . Slashing Weapon . | . . . . . . . . . . . . . . . . . . . . . . . . . . . . . . . . . . Piercing Weapon . | . . . . . . . . . . . . . . . . . . . . . . . . . . . . . . . . . . Special Melee Weapon . | . . . . . . . . . . . . . . . . . . . . . . . . . . . . . . . . . . Unidentified Prototypes 45 | . . . 1 . . . . . . . . . . 2 . . . 5 . . 2 1 . 8 . 1 . 2 4 2 3 11 3 Corrupted Parts 2 | . . . . . . . . . . . . . 1 . . . . . . . . . . . . . . . 1 . . . . System Corruption 17 | . . . . . . . . . . . . . 11 . . . . . . . . . . . . . . . 6 . . . . Parts Lost 110 | . 2 3 3 1 8 2 8 . . . . . 1 4 15 . 3 4 . 1 . . . 1 . . 8 24 2 . . 7 13 Power 13 | . . 1 2 . 1 1 . . . . . . . . 1 . 1 . . . . . . 1 . . 1 2 . . . . 2 Propulsion 25 | . . 2 . . 1 . 4 . . . . . . 2 3 . . 1 . 1 . . . . . . 1 6 1 . . . 3 Utility 29 | . . . 1 . 2 . 3 . . . . . 1 2 4 . 1 . . . . . . . . . 3 8 . . . 2 2 Weapon 43 | . 2 . . 1 4 1 1 . . . . . . . 7 . 1 3 . . . . . . . . 3 8 1 . . 5 6 Highest Loss Streak 13 | . 2 3 2 1 3 1 7 . . . . . 1 2 11 . 2 2 . 1 . . . 1 . . 3 13 2 . . 2 9 To Critical Strikes 5 | . . . . . . . . . . . . . . . . . . 2 . 1 . . . . . . . . . . . 1 1 Average Backups 18 | 1 9 14 14 12 18 18 18 20 19 20 20 20 19 19 18 18 18 19 20 19 19 20 20 18 19 18 18 18 19 19 19 18 14 Power 1 | . 1 2 . 1 1 . 1 1 1 1 1 1 1 1 . 1 1 1 1 1 1 1 1 . 1 1 1 1 2 2 2 1 1 Propulsion 3 | . 1 3 4 3 2 3 3 4 4 4 4 5 5 4 4 3 3 2 4 3 4 4 4 3 3 2 3 4 3 2 2 2 . Utility 7 | . 2 4 4 4 7 8 5 6 6 7 6 6 5 5 7 8 7 8 8 8 6 8 8 8 10 10 9 9 11 12 12 10 9 Weapon 5 | 1 3 5 4 4 6 6 7 8 7 7 7 7 7 7 4 5 6 6 6 6 6 6 6 4 4 3 4 3 2 2 3 2 2 Tool/Special . | . . . . . . . . . . . . . . . . . . . . . . . . . . . . . . . . . . Unused Backups 57 | . . . 9 . 4 1 2 2 3 . 1 . 6 . 3 1 . 4 . . 1 . . 5 . . . 2 3 . 2 3 5 Power 6 | . . . . . . . . . . . . . 1 . . . . 1 . . . . . 1 . . . . 1 . . 1 1 Propulsion 16 | . . . 4 . 1 . . . . . . . 2 . 3 1 . . . . 1 . . . . . . 1 . . 2 1 . Utility 15 | . . . 2 . . . 2 . 1 . 1 . . . . . . 2 . . . . . 2 . . . 1 2 . . 1 1 Weapon 19 | . . . 3 . 3 1 . 2 2 . . . 3 . . . . 1 . . . . . 2 . . . . . . . . 2 Tool/Special 1 | . . . . . . . . . . . . . . . . . . . . . . . . . . . . . . . . . 1 Average Slot Usage (%) 93 | . 97 97 98 100 93 97 97 100 100 99 100 88 99 91 91 80 85 85 85 86 97 99 100 99 100 98 88 94 93 92 91 85 75 Engine 2 | . 14 7 4 . 7 1 5 2 7 7 7 7 1 . . . 8 9 6 6 1 . . . . . . . . . . . . Core 1 | . . 5 6 11 1 6 1 4 . . . . 5 6 3 6 3 . . . . . . . . . . . . . . . . Reactor 4 | . . . . . . . . . . . . . . . 2 . . 2 6 6 9 11 11 10 11 10 9 8 4 6 9 13 10 Treads 11 | . 28 16 31 33 26 27 29 30 30 30 30 30 30 1 . 13 13 12 13 13 1 . . . . . . . . . . . . Leg 13 | . . 10 . . . . . . . . . . . 24 24 . . . . . 25 29 29 28 29 31 19 28 27 26 21 17 20 Device 8 | . 14 14 2 2 12 9 9 7 7 6 7 7 7 6 7 5 5 6 5 6 9 10 11 10 5 6 9 11 10 11 13 8 8 Storage 6 | . 14 14 11 11 9 9 7 7 7 7 7 7 7 6 6 6 6 6 6 6 5 5 5 5 5 5 5 5 4 4 4 4 4 Processor 11 | . . . . . 4 9 7 7 13 15 15 15 14 13 10 13 13 13 13 13 12 11 11 11 17 15 15 15 18 17 17 16 15 Protection 5 | . . . 8 8 8 9 10 15 8 7 7 7 7 5 6 5 6 6 6 6 5 5 5 5 5 5 5 3 2 4 4 3 3 Energy Gun 3 | . 12 13 1 6 15 . . . . . . . . . . . 7 13 14 13 9 5 5 2 . . . 5 5 . . . 1 Energy Cannon 1 | . . . . . 4 18 8 . . . . . . . . . . . . . . . . . . . . . 7 . 2 3 1 Ballistic Gun 14 | . 12 14 30 26 3 . 10 15 15 15 15 4 22 22 22 20 17 11 11 13 10 11 11 14 21 19 17 6 1 12 18 16 2 Impact Weapon 2 | . . . . . . 7 3 6 7 7 7 7 . 3 2 5 . . . . 1 5 5 3 . . 2 4 3 . . . . Peak Build Rating 242 | 7 10 14 22 21 34 33 38 40 42 43 42 42 56 78 76 76 80 97 99 97 110 108 112 133 124 138 155 138 157 187 206 231 242 Average Rating 95 | 6 7 9 19 20 28 31 36 37 40 41 42 36 51 69 71 75 78 88 98 95 106 107 108 117 123 134 147 131 149 171 191 203 193 On Entrance 78 | . 7 8 14 18 21 29 32 36 40 42 42 42 42 53 72 76 76 79 97 99 88 108 108 108 124 123 138 134 91 153 184 198 195 Avg Prop Armor Cover (%) 3 | . . . 4 . . . 2 . . . . . . . 4 . . . . . 4 . . 3 . . . . . . . 2 2 Naked Turns . | . . . . . . . . . . . . . . . . . . . . . . . . . . . . . . . . . . Heaviest Build 164 | 15 30 31 42 42 71 74 86 68 78 70 70 70 85 100 100 72 90 101 102 102 103 98 101 105 105 110 113 107 132 145 142 149 164 Greatest Support 220 | 40 40 42 62 62 62 60 80 80 80 80 80 80 80 85 150 150 150 150 150 150 113 113 113 115 105 133 180 158 150 168 175 190 220 Greatest Overweight (x) 3 | . . 1 . . 3 1 1 . . . . . 1 2 1 . . 1 . . 2 . . 1 . . . . . . . 1 1 Average Overweight (x) . | . . . . . . 1 . . . . . . . . . . . . . . . . . . . . . . . . . . . Largest Inventory Capacity 20 | 8 15 15 15 15 20 20 20 20 20 20 20 20 20 20 20 20 20 20 20 20 20 20 20 20 20 20 20 20 20 20 20 20 20 Average Capacity 19 | 7 13 15 15 15 19 20 20 20 20 20 20 20 20 20 20 20 20 20 20 20 20 20 20 20 20 20 20 20 20 20 20 20 20 Most Carried 20 | 3 15 15 15 13 20 20 20 20 20 20 20 20 20 20 20 20 20 20 20 20 20 20 20 20 20 20 20 20 20 20 20 20 20 Average Carried 18 | 1 9 14 14 12 19 19 19 19 19 20 19 20 19 19 19 19 19 19 20 19 19 20 20 19 20 19 19 18 19 19 19 19 16 Final Capacity 20 | 8 15 15 15 15 20 20 20 20 20 20 20 20 20 20 20 20 20 20 20 20 20 20 20 20 20 20 20 20 20 20 20 20 20 Final Carried 20 | 3 15 15 13 12 20 20 20 20 20 20 20 20 20 20 20 20 20 20 20 19 20 20 20 20 20 20 20 20 18 20 20 20 16 Class Distribution -------------------- 23% | Scavenger-Tank 19% | Scavenger-Skirmisher 17% | Scavenger-Assassin 9% | Commander-Mutant 8% | Scavenger-Mutant 7% | Scavenger-Gunner 5% | Mutant 3% | Tank Dominant Class ---------------- Mutant | -10/Materials Mutant | -10/Mines Tank | -9/Materials Tank | -9/Mines Scavenger-Mutant | -8/Materials Scavenger-Mutant | -8/Garrison Scavenger-Mutant | -7/Factory Commander-Mutant | -7/Garrison Commander-Mutant | -7/Factory Commander-Mutant | -7/Lower Caves Commander-Mutant | -7/Lower Caves Commander-Mutant | -7/Data Miner Scavenger-Gunner | -6/Proximity Caves Scavenger-Skirmisher | -6/Factory Scavenger-Tank | -6/Garrison Scavenger-Tank | -6/Factory Scavenger-Tank | -6/Extension Commander-Tank | -6/Cetus Scavenger-Tank | -6/Archives Scavenger-Tank | -6/Hub_04(d) Scavenger-Skirmisher | -5/Factory Scavenger-Assassin | -5/Upper Caves Scavenger-Assassin | -5/Upper Caves Scavenger-Assassin | -5/Warlord Scavenger-Skirmisher | -4/Proximity Caves Scavenger-Skirmisher | -4/Factory Scavenger-Tank | -4/Garrison Scavenger-Assassin | -4/Factory Scavenger-Assassin | -3/Research Scavenger-Skirmisher | -2/Research Scavenger-Skirmisher | -2/Testing Scavenger-Skirmisher | -2/Section 7 Scavenger-Skirmisher | -1/Access Resources | -11 -10 -10 -9 -9 -8 -8 -7 -7 -7 -7 -7 -7 -6 -6 -6 -6 -6 -6 -6 -6 -5 -5 -5 -5 -4 -4 -4 -4 -3 -2 -2 -2 -1 ----------- Run | Yrd Mat Min Mat Min Mat Gar Fac Gar Fac Low Low Dat Pro Fac Gar Fac Ext Cet Arc Hub Fac Upp Upp War Pro Fac Gar Fac Res Res Tes Sec Acc Matter Collected 21181 | 317 478 95 1766 75 480 83 457 39 502 119 119 . 685 1314 1799 55 802 205 74 . 423 60 32 1441 10 164 1869 1046 759 372 1336 2980 1225 Remotely 3923 | . . . . . . . . . . . . . . 219 401 . . . . . 138 . . 756 . . 116 494 . . 632 1167 . Salvage Created 23581 | 145 649 76 1834 134 1144 540 608 39 182 44 70 . 674 1369 2196 55 1478 37 33 . 640 49 66 688 . 247 2757 1602 943 82 1836 2296 1068 Parts 1130 | 7 34 5 107 12 48 22 45 1 3 2 2 . 25 70 109 9 66 1 4 . 28 . 2 21 . 14 103 68 35 4 88 151 44 Haulers Intercepted 13 | . 1 . 3 . 1 . . . . . . . . . . . . . . . 1 . . . . . . 1 3 1 1 1 . Recyclers Shooed 4 | . 1 . 1 . . . 1 . . . . . . . . . 1 . . . . . . . . . . . . . . . . Parts Field Recycled . | . . . . . . . . . . . . . . . . . . . . . . . . . . . . . . . . . . Retrieved Matter . | . . . . . . . . . . . . . . . . . . . . . . . . . . . . . . . . . . Parts Self-Destructed 92 | . . . . . . . . . . 21 10 . 59 . . . . . . . . . 2 . . . . . . . . . . Prevented 53 | . . . . . . . . . . 1 6 . 45 . . . . . . . . . 1 . . . . . . . . . . Parts Restored . | . . . . . . . . . . . . . . . . . . . . . . . . . . . . . . . . . . Kills | -11 -10 -10 -9 -9 -8 -8 -7 -7 -7 -7 -7 -7 -6 -6 -6 -6 -6 -6 -6 -6 -5 -5 -5 -5 -4 -4 -4 -4 -3 -2 -2 -2 -1 ------- Run | Yrd Mat Min Mat Min Mat Gar Fac Gar Fac Low Low Dat Pro Fac Gar Fac Ext Cet Arc Hub Fac Upp Upp War Pro Fac Gar Fac Res Res Tes Sec Acc Combat Hostiles Destroyed 378 | . 10 2 38 7 18 14 11 . . 2 1 . 16 13 27 1 22 . . . 12 . 1 31 . 4 42 25 11 . 22 33 15 Melee 3 | . . . . . . . . . . . . . 1 . . . 1 . . . . . . . . . . 1 . . . . . Guns 266 | . 9 2 38 5 9 . 7 . . 2 1 . 15 13 24 1 20 . . . 8 . 1 12 . 4 36 12 3 . 16 22 6 Cannons 44 | . . . . . 6 7 2 . . . . . . . . . . . . . . . . 2 . . . 5 4 . 1 11 6 AOE 52 | . 1 . . 2 3 4 2 . . . . . . . 3 . . . . . 4 . . 17 . . 5 4 4 . . . 3 Classes Destroyed 24 | 2 4 . 5 . 2 1 2 . . . 1 . 1 . 1 . . . . . . 1 . 1 . . 1 . 1 . . 1 . Worker 18 | . 1 . 2 . 2 . . . . . . . . 4 . . . . . . . . . . . . . 3 2 . 1 2 1 Builder 15 | . . . 1 . . . 2 . . . . . . 2 . . 2 . . . . . . . . . . 2 2 . 1 3 . Tunneler 6 | 3 . . 1 . 1 . . . . . . . . . . . . . . . . . . . . . . . 1 . . . . Hauler 13 | . 1 . 3 . 1 . . . . . . . . . . . . . . . 1 . . . . . . 1 3 1 1 1 . Recycler 17 | 1 1 . 1 . 2 . 2 . 2 . . . . 3 . . . . . . . . . . . . . 2 1 . . . 2 Mechanic 4 | . . . . . . . . . . . . . . . . . . . . . . . . . . . 1 1 . . . 1 1 Operator 10 | . . . 2 . . . . . 1 . . . . 1 . 1 1 . 1 . . . . . . . . . 2 . 1 . . Watcher 16 | . 3 . 2 . 1 . . . . . . . . 2 1 . 1 . . . 1 . . . . . . 1 . . 2 1 1 Swarmer 72 | . . . 7 6 3 4 2 . . 2 . . 6 . 7 . 1 . . . 2 . . . . . 8 4 6 . 2 7 5 Saboteur 4 | . . . . . . . . . . . . . 1 . . . . . . . . . . 3 . . . . . . . . . Grunt 120 | . 10 2 20 1 5 3 2 . . . . . 8 3 7 . 9 . . . 7 . 1 12 . 2 17 9 . . 1 1 . Brawler 7 | . . . . . . . . . . . 1 . . . . . 1 . . . . . . 2 . . 2 1 . . . . . Duelist 6 | . . . . . . 1 . . . . . . . . 1 . . . . . . . . . . . 2 1 . . 1 . . Protector 5 | . . . 1 . . . . . . . . . 1 . . . . . . . . . . 3 . . . . . . . . . Sentry 45 | . . . 10 . 6 4 2 . . . . . . . 6 . 8 . . . 1 . . . . . 4 . . . . 2 2 Demolisher 2 | . . . . . . . . . . . . . . . . . . . . . . . . . . . . . 2 . . . . Specialist 9 | . . . . . 2 . 1 . . . . . . 2 2 . . . . . . . . 1 . . 1 . . . . . . Hunter 29 | . . . . . 2 2 . . . . . . . 5 3 . 1 . . . . . . 2 . . 3 2 1 . 6 2 . Programmer 66 | . . . . . . . 3 . . . . . . 4 . 1 . . . . 2 . . 5 . 2 4 7 . . 12 18 8 Heavy 1 | . . . . . . . 1 . . . . . . . . . . . . . . . . . . . . . . . . . . Behemoth 4 | . . . . . . . . . . . . . . . 1 . 1 . . . . . . 1 . . 1 . . . . . . S7 Guard 1 | . . . . . . . . . . . . . . . . . . . . . . . . . . . . . . . . 1 . Striker 4 | . . . . . . . . . . . . . . . . . . . . . . . . 2 . . . . 2 . . . . Executioner 2 | . . . . . . . . . . . . . . . . . . . . . . . . . . . . . . . . 2 . Samaritan 1 | . . . . . . . . . . . . . . . . . . . . . . 1 . . . . . . . . . . . Thug 1 | . . . . . . . . . . . . . . . . . 1 . . . . . . . . . . . . . . . . Savage 1 | . . . . . . . . . . . . . . . . . 1 . . . . . . . . . . . . . . . . Butcher 1 | . . . . . . . . . . . . . . . . . 1 . . . . . . . . . . . . . . . . Infiltrator 1 | . . . . . . . . . . . . . . . . . . . . . . . . . . . . 1 . . . . . Best Kill Streak 15 | 1 3 2 7 3 3 4 4 . 1 1 1 . 6 5 6 1 7 . 1 . 4 . 1 9 . 4 7 15 6 1 4 9 9 Combat Bots Only 9 | . 3 2 6 3 3 4 3 . . 1 1 . 6 3 6 1 5 . . . 4 . 1 9 . 4 7 9 6 . 3 8 8 Max Kills in Single Turn 6 | 1 2 1 2 2 2 3 2 . 1 1 1 . 2 3 3 1 2 1 1 . 2 1 1 6 . 1 3 3 2 1 2 1 2 Gunslinging 1 | . . . . 1 . . . . . . . . 1 . 1 . 1 . . . 1 . . 1 . . 1 . . . 1 . . Exploded 6 | . 1 . . 2 1 3 1 . . . . . . . 2 . . . . . 2 . . 6 . . 3 1 2 . . . 2 Melee 1 | . . . . . . . . . . . . . 1 . . . 1 . . . . . . . . . . 1 . . . . . Uniques/NPCs Destroyed 1 | . . . . . . . . . . . . . . . . . . 1 . . . . . . . . . . . . . . . A7 (-6/Cetus) Combat | -11 -10 -10 -9 -9 -8 -8 -7 -7 -7 -7 -7 -7 -6 -6 -6 -6 -6 -6 -6 -6 -5 -5 -5 -5 -4 -4 -4 -4 -3 -2 -2 -2 -1 -------- Run | Yrd Mat Min Mat Min Mat Gar Fac Gar Fac Low Low Dat Pro Fac Gar Fac Ext Cet Arc Hub Fac Upp Upp War Pro Fac Gar Fac Res Res Tes Sec Acc Hostile Shots Fired 3285 | . 57 20 147 31 124 44 278 . 27 6 14 . 44 216 248 4 216 13 2 2 26 . 1 49 14 27 354 358 66 . 162 340 395 Missed 1018 | . 15 5 28 7 37 12 108 . 7 1 5 . 15 53 72 2 53 5 1 1 7 . . 24 8 8 103 117 19 . 72 106 127 Intercepted 7 | . . . . . . . . . . . . . . . . . . . . . . . . . . . . . 7 . . . . Hits 2267 | . 42 15 119 24 87 32 170 . 20 5 9 . 29 163 176 2 163 8 1 1 19 . 1 25 6 19 251 241 47 . 90 234 268 Melee 20 | . . . . . . . . . . . . . . 5 . . . . . . . . . 1 . . 5 4 4 . 1 . . Projectile 2247 | . 42 15 119 24 87 32 170 . 20 5 9 . 29 158 176 2 163 8 1 1 19 . 1 24 6 19 246 237 43 . 89 234 268 AOE 4 | . . . . . . . . . . . . . . . . . . . . . . . . 1 . . . . 3 . . . . Critical Strikes 131 | . 1 . 4 . 2 3 3 . . . . . 1 12 2 . 5 2 . 1 1 . . 3 1 . 17 17 2 . 10 24 20 Actively Blocked 13 | . . . . . . . . . . . . . . . . . . . . . . . . . . . . 6 . . . . 7 Part Disruptions 15 | . . . . . . . . . . . . . . 1 2 . . . . . . . . 2 . . 1 1 . . . 5 3 Damage Taken 37158 | . 577 219 1455 189 1211 461 1857 . 153 148 154 . 652 2333 1988 30 1830 150 28 66 476 . 19 761 131 375 3734 4829 1219 . 1687 4311 6115 Core 3830 | . 91 72 96 49 79 46 143 . 5 17 . . 19 289 148 . 132 . . . 83 . . 98 . . 282 452 95 . 73 567 994 Absorbed by Shields 5050 | . . . . . . . 184 . . . . . . 380 294 . 138 118 . . . . . . . . 974 81 . . 422 1794 665 Reduced by Siege Mode 122 | . . . . . . . . . . . . . . . . . 122 . . . . . . . . . . . . . . . . Regen/Repaired (Parts) 3938 | . . . . . . . . . . . . . 82 . . . . . . . . . . 28 . 276 . 164 . 128 269 2147 844 Core Remaining (%) 61 | 100 . 34 . 63 . 77 . . . . . . 73 . . . . . . 33 . . . . 81 . . 36 92 . . 50 40 Volleys Fired 1240 | 27 54 10 110 9 60 22 50 7 2 8 11 . 32 51 118 2 48 23 6 . 18 11 2 61 . 7 108 79 35 3 99 121 46 Largest 5 | 1 2 2 3 3 3 2 3 2 2 2 2 . 3 4 4 4 4 4 4 . 4 1 4 4 . 3 4 4 4 5 5 5 5 Hottest 425 | 20 100 70 100 91 161 130 130 56 56 56 56 . 84 140 164 112 216 216 263 . 216 80 176 138 . 96 186 181 425 262 181 198 297 Shots Fired 3211 | 27 91 20 324 27 141 41 112 15 4 19 24 . 98 180 256 7 184 67 22 . 50 11 5 160 . 21 364 180 73 7 208 362 111 Gun 2776 | 27 87 20 321 27 104 . 78 15 4 19 24 . 97 180 252 7 184 67 22 . 43 11 5 140 . 21 362 139 39 5 147 286 43 Cannon 374 | . . . . . 34 39 31 . . . . . . . . . . . . . . . . . . . . 36 31 2 61 76 64 Launcher 33 | . . . . . 3 2 3 . . . . . . . 4 . . . . . 7 . . . . . 2 5 3 . . . 4 Special 28 | . 4 . 3 . . . . . . . . . 1 . . . . . . . . . . 20 . . . . . . . . . Kinetic 2499 | 27 38 10 315 24 21 . 78 15 4 19 24 . 97 180 250 7 139 26 6 . 22 . 3 139 . 21 328 110 29 4 147 323 93 Thermal 566 | . 26 10 9 . 81 39 31 . . . . . . . 2 . 45 41 16 . 21 11 2 1 . . 34 65 40 3 36 39 14 Explosive 46 | . . . . . 3 2 3 . . . . . . . 4 . . . . . 7 . . 15 . . 2 5 3 . . . 2 Electromagnetic 94 | . 27 . . 3 36 . . . . . . . . . . . . . . . . . . . . . . . 1 . 25 . 2 Robot Hit Streak 45 | 6 10 6 16 3 11 13 22 . 2 3 7 . 15 13 45 17 19 9 11 . 8 . 1 8 . 9 16 7 12 5 9 14 8 Robot Miss Streak 10 | 3 2 1 5 3 3 2 3 1 3 2 3 . 4 4 4 2 5 5 2 . 4 . 1 8 . 1 4 5 3 . 7 6 10 Penetration Max 2 | . . . . . . . . . . . . . 1 1 1 . 1 1 . . 1 . . 1 . 1 2 1 1 . 1 2 1 Secondary Targets 61 | . . 1 3 2 . . . . . . . . 4 5 5 . 6 . . . 3 . . 4 . 1 11 4 . . 7 5 . Max Gunslinging Chain 2 | . . 1 1 1 . . . . . . . . 1 1 1 . 2 . . . 1 . . 1 . 1 2 1 . . 1 1 . Shots Hit Robots 1949 | 18 62 17 201 13 98 31 77 3 6 10 12 . 63 136 196 4 144 54 17 . 27 1 1 78 . 16 192 96 45 1 90 196 44 Core Hits 1028 | 5 29 6 72 8 42 14 28 1 2 4 5 . 35 47 102 3 81 32 12 . 27 . 1 101 . 8 103 64 24 1 47 93 31 Critical Kills 44 | . . . 1 1 . . 1 1 1 . . . 2 9 9 . . . . . . . . 5 . 2 8 . 2 . . 2 . Critical Parts Destroyed 80 | . . . 3 . . 1 . 1 1 . . . 1 19 9 . 3 . 1 . . . . 11 . 2 13 3 6 . 2 3 1 Critical Strikes 146 | . 3 1 4 1 1 1 1 2 2 . . . 3 29 22 . 3 1 1 . . . . 18 . 4 24 4 8 . 2 6 5 Burn 7 | . 2 1 . . 1 . . . . . . . . . . . . 1 . . . . . . . . 1 1 . . . . . Destroy 120 | . . . 3 1 . . 1 . . . . . 3 27 21 . 3 . 1 . . . . 17 . 4 22 2 7 . 2 5 1 Blast 5 | . . . . . . . . . . . . . . . . . . . . . . . . . . . . . . . . 1 4 Corrupt 1 | . 1 . . . . . . . . . . . . . . . . . . . . . . . . . . . . . . . . Smash 12 | . . . 1 . . 1 . 2 2 . . . . 2 1 . . . . . . . . . . . 1 1 1 . . . . Sever 1 | . . . . . . . . . . . . . . . . . . . . . . . . 1 . . . . . . . . . Melee Attacks 267 | . . . 9 . 1 14 4 12 6 3 1 . . 39 20 3 3 . . . 5 16 11 . 2 2 58 31 27 . . . . Impact 267 | . . . 9 . 1 14 4 12 6 3 1 . . 39 20 3 3 . . . 5 16 11 . 2 2 58 31 27 . . . . Slashing . | . . . . . . . . . . . . . . . . . . . . . . . . . . . . . . . . . . Piercing . | . . . . . . . . . . . . . . . . . . . . . . . . . . . . . . . . . . Sneak Attacks 29 | . . . 2 . . 1 . . 3 . . . . 9 . . . . . . . 1 . . . 1 . 2 10 . . . . Combat Hostiles 1 | . . . . . . . . . . . . . . . . . . . . . . . . . . 1 . . . . . . . Follow-up Attacks . | . . . . . . . . . . . . . . . . . . . . . . . . . . . . . . . . . . Damage Inflicted 62230 | 222 1056 220 3482 252 2110 1285 1880 354 296 208 226 . 1452 2902 4294 105 3244 1230 393 9 1520 113 43 8126 . 526 6002 4793 2674 25 3496 6715 2977 Guns 39576 | 222 845 220 3225 208 1229 . 965 . 56 208 226 . 1452 1612 3572 67 3175 1230 393 . 691 . 43 2536 . 438 5526 2126 485 25 2501 5522 778 Cannons 6264 | . . . . . 624 647 491 . . . . . . . . . . . . . . . . . . . . 514 460 . 995 1057 1476 Explosions 11893 | . 211 . . 44 257 276 407 . . . . . . 412 611 . . . . . 812 . . 5418 . . 416 1705 641 . . . 683 Melee 4040 | . . . 257 . . 362 . 354 240 . . . . 878 111 38 31 . . . . 113 . . . 88 60 420 1088 . . . . Ramming 285 | . . . . . . . 17 . . . . . . . . . 38 . . 9 17 . . . . . . 28 . . . 136 40 Kinetic 36122 | 222 378 119 3173 198 170 . 965 . 56 208 226 . 1452 1612 3502 67 2193 453 114 . 217 . 23 2506 . 438 5076 1761 356 . 2501 6224 1912 Thermal 8985 | . 424 101 52 44 1278 647 491 . . . . . . . 70 . 982 777 279 . 474 . 20 30 . . 450 1376 559 25 209 355 342 Explosive 11141 | . . . . . 257 276 407 . . . . . . 412 611 . . . . . 812 . . 5418 . . 416 1208 641 . . . 683 Electromagnetic 1485 | . 254 . . 10 405 . . . . . . . . . . . . . . . . . . . . . . . 30 . 786 . . Impact 4040 | . . . 257 . . 362 . 354 240 . . . . 878 111 38 31 . . . . 113 . . . 88 60 420 1088 . . . . Slashing 172 | . . . . . . . . . . . . . . . . . . . . . . . . 172 . . . . . . . . . Piercing . | . . . . . . . . . . . . . . . . . . . . . . . . . . . . . . . . . . Highest Corruption 37 | . . . . . . . 2 2 2 4 4 4 15 2 2 2 2 2 2 . . . . . . . 6 14 6 1 7 37 21 Average Corruption 5 | . . . . . . . 1 2 2 2 4 4 12 1 2 2 2 2 1 . . . . . . . 5 7 6 1 3 13 6 Corruption Purged 20 | . . . . . . . . . . . . . . . . . . . 2 . . . . . . . . 7 . 1 . 10 . Corruption Blocked . | . . . . . . . . . . . . . . . . . . . . . . . . . . . . . . . . . . Effects 477 | . . . . . . . 6 21 13 11 17 2 70 16 21 4 15 12 1 . . . . . . . 57 52 . 7 23 99 30 Message Errors 113 | . . . . . . . 2 9 4 2 2 1 15 3 5 1 3 4 . . . . . . . . 18 13 . . 2 22 7 Matter Fused 112 | . . . . . . . 2 6 1 3 4 . 20 5 5 . 4 1 . . . . . . . . 14 11 . 2 5 23 6 Heat Flow Errors 35 | . . . . . . . . . 1 . . . 4 1 5 1 . . . . . . . . . . 5 6 . 1 2 6 3 Energy Discharges 56 | . . . . . . . 1 3 . 2 4 1 9 . 1 . 2 4 1 . . . . . . . 6 7 . 1 5 7 2 Parts Rejected 6 | . . . . . . . . . . . . . . . . . . . . . . . . . . . 1 2 . . . 2 1 Parts Fused 2 | . . . . . . . . . . . . . . . . . . . . . . . . . . . 1 1 . . . . . Data Loss (minor) 62 | . . . . . . . . 1 2 1 3 . 7 3 1 1 3 2 . . . . . . . . 5 7 . 3 4 14 5 Data Loss (major) 29 | . . . . . . . . 1 3 . 1 . 4 2 3 1 1 . . . . . . . . . 4 . . . 2 5 2 Misfires 21 | . . . . . . . . 1 1 3 2 . 5 . . . 1 1 . . . . . . . . . 1 . . 1 4 1 Alerts 11 | . . . . . . . . . . . 1 . 5 1 . . . . . . . . . . . . 1 2 . . 1 . . Misdirections 3 | . . . . . . . . . . . . . . . . . . . . . . . . . . . . . . . . 2 1 Weapon Failures 27 | . . . . . . . 1 . 1 . . . 1 1 1 . 1 . . . . . . . . . 2 2 . . 1 14 2 Overload Shots . | . . . . . . . . . . . . . . . . . . . . . . . . . . . . . . . . . . Overflow Damage 2979 | . 6 . 217 . 77 150 18 207 137 . . . . 568 144 . . . . . 9 107 . 100 . 23 60 280 593 . 21 77 185 Projectiles 354 | . . . . . 60 21 . . . . . . . . . . . . . . . . . . . . . . 11 . 21 77 164 Explosions 513 | . 6 . . . 17 1 18 . . . . . . 157 33 . . . . . 9 . . 100 . . . 133 29 . . . 10 Melee 2112 | . . . 217 . . 128 . 207 137 . . . . 411 111 . . . . . . 107 . . . 23 60 147 553 . . . 11 Knockbacks 38 | . . . . . . . 1 . . . . . . 6 1 . 1 . . . 1 . . . . 1 . 11 6 . . 5 5 Impact 17 | . . . . . . . 1 . . . . . . 6 1 . 1 . . . 1 . . . . 1 . 3 2 . . 1 . Kinetic 19 | . . . . . . . . . . . . . . . . . . . . . . . . . . . . 7 3 . . 4 5 Secondary 2 | . . . . . . . . . . . . . . . . . . . . . . . . . . . . 1 1 . . . . Self-Inflicted Damage 376 | . 40 . . . . . . . . . . . . . 18 . . . . . . . . . . . 29 221 . . . . 68 Shots 9 | . 2 . . . . . . . . . . . . . 1 . . . . . . . . . . . 1 3 . . . . 2 Rammed 3 | . . . . . . . 1 . . . . . . . . . 1 . . 1 . . . . . . . . . . . . . Targets Rammed 15 | . . . . . . . 1 . . . . . . . . . 2 . . 1 1 . . . . . . 3 . . . 4 3 Kicked 11 | . . . . . . . . . . . . . . . . . . . . . 1 . . . . . . 3 . . . 4 3 Crushed 1 | . . . . . . . . . . . . . . . . . 1 . . . . . . . . . . . . . . . . Highest Temperature 527 | . 226 36 307 153 360 219 249 20 244 42 60 . 252 527 338 166 351 311 409 . 322 24 60 247 . 220 300 264 494 165 231 412 273 Average Temperature 94 | . 68 20 66 53 79 82 54 8 115 13 21 . 87 137 108 68 130 111 153 . 88 9 24 63 . 118 89 108 116 58 21 113 109 Received Heat Transfer 5549 | . 315 120 594 12 315 189 257 . 42 48 81 . 93 373 184 . 660 . . . 144 . 9 112 . 69 725 866 27 . 26 173 115 Thermoelectric Energy+ 252 | . . . . . . . . . . . . . . . . . . . . . . . . . . . . . . . . 139 113 Effects 52 | . 4 . 1 . 1 . 2 . . . . . . 12 1 . 6 2 4 . 1 . . 1 . . . 6 1 . . 10 . Shutdowns 5 | . . . . . . . . . . . . . . 1 . . . . 1 . 1 . . . . . . . . . . 2 . Energy Bleed 7 | . 1 . . . 1 . . . . . . . . 1 . . . 1 . . . . . . . . . . . . . 3 . Interference 31 | . 3 . . . . . 2 . . . . . . 3 1 . 6 1 3 . . . . 1 . . . 6 . . . 5 . Matter Decay 1 | . . . . . . . . . . . . . . 1 . . . . . . . . . . . . . . . . . . . Short Circuit 1 | . . . 1 . . . . . . . . . . . . . . . . . . . . . . . . . . . . . . Damage (minor) 3 | . . . . . . . . . . . . . . 2 . . . . . . . . . . . . . . 1 . . . . Damage (major) 4 | . . . . . . . . . . . . . . 4 . . . . . . . . . . . . . . . . . . . Siege Activations 1 | . . . . . . . . . . . . . . . . . 1 . . . . . . . . . . . . . . . . Total Turns 37 | . . . . . . . . . . . . . . . . . 37 . . . . . . . . . . . . . . . . Longest Duration 37 | . . . . . . . . . . . . . . . . . 37 . . . . . . . . . . . . . . . . Martial Activations . | . . . . . . . . . . . . . . . . . . . . . . . . . . . . . . . . . . Shielding Activations 1 | . . . . . . . . . . . . . . . . . . . . . . . . . . . . . 1 . . . . Total Turns 2 | . . . . . . . . . . . . . . . . . . . . . . . . . . . . . 2 . . . . Longest Duration 2 | . . . . . . . . . . . . . . . . . . . . . . . . . . . . . 2 . . . . Robots Disrupted . | . . . . . . . . . . . . . . . . . . . . . . . . . . . . . . . . . . Combat Hostiles . | . . . . . . . . . . . . . . . . . . . . . . . . . . . . . . . . . . Robots Corrupted 25 | . . . 1 . . 2 . . 2 . . . . 4 1 . . . . . . 1 . . . . 1 2 5 . 5 . 1 Combat Hostiles 10 | . . . . . . 2 . . . . . . . . . . . . . . . . . . . . 1 2 . . 5 . . Parts Fried 48 | . . . 5 . . 4 . . 2 . . . . 11 1 . . . . . . . . 1 . . 1 2 12 . 8 . 1 Impact Corruptions 72 | . . . 6 . . 4 . 3 7 . . . . 11 3 . . . . . . 11 . . . 1 2 5 18 . . . 1 Robots Melted 3 | . . . . . . 1 . . . . . . . . . . 1 . . . . . . . . . . 1 . . . . . Combat Hostiles 3 | . . . . . . 1 . . . . . . . . . . 1 . . . . . . . . . . 1 . . . . . Parts Melted 24 | . 2 1 . . 2 4 . . . . . . . . . . 7 . . . . . . . . . 1 5 . . . 2 . Heat Transferred 13692 | . 1077 370 148 100 2183 888 666 . . . . . . . 150 . 2150 934 521 . 666 . 37 37 . . 701 1695 592 37 185 296 259 Parts Sabotaged 4 | . . . . . . . . . . . . . . . . . . . . . . . . . . . . 4 . . . . . Parts Stolen . | . . . . . . . . . . . . . . . . . . . . . . . . . . . . . . . . . . Parts Stripped . | . . . . . . . . . . . . . . . . . . . . . . . . . . . . . . . . . . Power Chain Reactions 5 | . 3 . . 1 . . . . . . . . . . . . . . . . . . . . . . . . . . . . 1 Alert | -11 -10 -10 -9 -9 -8 -8 -7 -7 -7 -7 -7 -7 -6 -6 -6 -6 -6 -6 -6 -6 -5 -5 -5 -5 -4 -4 -4 -4 -3 -2 -2 -2 -1 ------- Run | Yrd Mat Min Mat Min Mat Gar Fac Gar Fac Low Low Dat Pro Fac Gar Fac Ext Cet Arc Hub Fac Upp Upp War Pro Fac Gar Fac Res Res Tes Sec Acc Maximum Alert Level 5 | . . . 2 1 . 3 2 4 3 . . . . 2 4 2 4 3 1 . 2 . . . . . 5 4 3 1 1 2 3 Low Security (%) 25 | 100 100 100 42 . 100 21 . . . . . . . . . . 3 . 50 100 11 . . . . 100 3 . . 71 55 41 . Level 1 31 | . . . 40 100 . 25 93 5 . . . . . 84 8 . 68 . 50 . 45 . . . . . 11 . 5 28 44 50 20 Level 2 22 | . . . 17 . . 46 6 38 14 . . . . 15 34 100 15 96 . . 42 . . . . . 18 . 81 . . 7 15 Level 3 13 | . . . . . . 5 . 31 85 . . . . . 34 . 11 3 . . . . . . . . 22 57 13 . . . 64 Level 4 6 | . . . . . . . . 23 . . . . . . 22 . 1 . . . . . . . . . 27 42 . . . . . Level 5 1 | . . . . . . . . . . . . . . . . . . . . . . . . . . . 16 . . . . . . High Security . | . . . . . . . . . . . . . . . . . . . . . . . . . . . . . . . . . . Max Security . | . . . . . . . . . . . . . . . . . . . . . . . . . . . . . . . . . . Peak Influence 1795 | 5 76 30 570 321 150 718 413 1431 773 . . . . 475 1316 695 1154 709 354 132 611 . . . . 134 1795 1599 805 368 339 578 821 Initial 942 | . . . . 219 85 92 376 272 751 . . . . 441 322 690 260 644 197 18 64 . . . . . 93 942 805 368 . 185 345 Average 448 | . 22 3 231 263 49 404 353 785 727 . . . . 360 795 613 378 603 204 33 390 . . . . 17 1004 1182 544 121 176 226 644 Influence Increases 20363 | 20 339 50 1080 192 687 646 686 1159 274 558 421 . 1355 701 1204 40 1614 351 217 154 904 . 20 650 . 186 1782 1467 526 10 798 1249 1023 Destroy 0b10 Robot/C 9660 | . 200 40 740 140 420 320 360 . 80 240 180 . 820 280 560 20 820 160 80 40 440 . 20 560 . 80 880 560 220 . 440 660 300 Destroy 0b10 Robot/NC 610 | 20 30 . 65 . 35 . 30 5 15 . . . 10 60 40 5 35 10 5 . 20 . . 15 . . 5 50 55 5 30 40 25 Destroy Leader 1512 | . 48 10 200 20 124 20 142 . 40 40 40 . 30 94 50 10 96 . . 10 64 . . . . 20 60 114 36 2 66 114 62 Allied During Kill 2363 | . . . . . 8 34 51 4 134 278 201 . 465 2 31 . 565 170 85 50 208 . . . . . 23 54 . . . . . Successful Hack 325 | . 14 . 15 . 10 35 44 21 2 . . . . 10 . 4 . . . . 27 . . . . 50 . 14 15 . 13 51 . Select Force Hacks 80 | . . . . . . . . . . . . . 30 . . . . . . 50 . . . . . . . . . . . . . Disable Machine 1080 | . . . . . 45 30 30 30 . . . . . 150 45 . 45 . 45 . 45 . . . . 15 30 285 60 . 105 75 45 Anti-Garrison Action 2050 | . . . . . . 150 . 1050 . . . . . . 300 . . . . . . . . . . . 550 . . . . . . Destroy Structure 1603 | . 17 . 15 2 30 42 29 49 3 . . . . 60 73 1 23 11 2 4 100 . . . . 6 219 390 80 3 129 159 156 Partial Spotted 60 | . . . 15 . . . . . . . . . . . . . . . . . . . . . . 15 15 . . . . 15 . Lose Combat Pursuer 1020 | . 30 . 30 30 15 15 . . . . . . . 45 105 . 30 . . . . . . 75 . . . . 60 . 15 135 435 Influence Decreases 19553 | 20 339 50 516 535 766 70 1015 117 958 640 457 629 653 943 348 824 996 1008 658 74 516 520 20 222 428 52 121 1727 1406 665 468 1003 789 Entered New Map 7813 | . . . . 345 136 50 342 117 680 278 127 629 . 261 138 626 272 506 296 34 68 193 . . 428 . 41 853 730 287 . 145 231 Time Decay 9614 | 20 319 40 486 180 454 . 553 . 278 342 310 . 483 642 . 198 534 342 342 10 368 327 20 212 . 52 . 534 656 378 468 638 428 Lost Part 1080 | . 20 10 30 10 80 20 80 . . . . . 10 40 150 . 30 40 . 10 . . . 10 . . 80 240 20 . . 70 130 Lost Ally 860 | . . . . . 60 . 40 . . 20 20 . 160 . 60 . 160 120 20 20 80 . . . . . . 100 . . . . . Purge Threat 186 | . . . . . 36 . . . . . . . . . . . . . . . . . . . . . . . . . . 150 . Squads Dispatched 92 | . 1 1 5 . 1 . 11 . 2 . . . 1 10 . . 5 . . 2 4 . . . . 2 . 15 4 2 7 7 12 Investigation 19 | . 1 1 2 . . . 1 . . . . . 1 1 . . 2 . . 1 . . . . . . . 3 1 2 1 . 2 Extermination 28 | . . . . . . . 4 . 1 . . . . 4 . . . . . . 1 . . . . 1 . 3 1 . 4 6 3 Reinforcement 28 | . . . 2 . 1 . 3 . 1 . . . . 4 . . 3 . . 1 2 . . . . . . 4 2 . 2 1 2 Assault 10 | . . . 1 . . . . . . . . . . 1 . . . . . . 1 . . . . . . 5 . . . . 2 Garrison 7 | . . . . . . . 3 . . . . . . . . . . . . . . . . . . 1 . . . . . . 3 Intercept . | . . . . . . . . . . . . . . . . . . . . . . . . . . . . . . . . . . Searches Triggered . | . . . . . . . . . . . . . . . . . . . . . . . . . . . . . . . . . . Data Miner Redirects 7 | . . . . . . . . . . . . . . . . . 1 . . . . . . . . . . 4 . . 1 . 1 Construction Impeded 6 | . . . . . . . 1 . . . . . . 2 . . 2 . . . 1 . . . . . . . . . . . . Haulers Reinforced 4 | . . . . . . . . . . . . . . . . . . . . . 1 . . . . . . 1 1 . . 1 . Active Scanning Responses . | . . . . . . . . . . . . . . . . . . . . . . . . . . . . . . . . . . Cargo Convoy Interrupts . | . . . . . . . . . . . . . . . . . . . . . . . . . . . . . . . . . . Stealth | -11 -10 -10 -9 -9 -8 -8 -7 -7 -7 -7 -7 -7 -6 -6 -6 -6 -6 -6 -6 -6 -5 -5 -5 -5 -4 -4 -4 -4 -3 -2 -2 -2 -1 --------- Run | Yrd Mat Min Mat Min Mat Gar Fac Gar Fac Low Low Dat Pro Fac Gar Fac Ext Cet Arc Hub Fac Upp Upp War Pro Fac Gar Fac Res Res Tes Sec Acc Distress Signals 44 | . 2 . 4 . 3 . . . . . . . . . 2 1 2 2 . . . . . . . . . . 10 7 1 2 8 Communications Jammed 7 | . . . . . . . . . . . . . . . . . . . . . . . . . . . . . 5 . . 1 1 Distress Signals 6 | . . . . . . . . . . . . . . . . . . . . . . . . . . . . . 5 . . 1 . Times Spotted 738 | . 16 4 54 10 32 14 19 . 4 11 6 . 43 23 28 3 45 10 7 4 24 . 1 85 2 4 45 49 27 . 35 54 79 Peak Tracking Total 25 | . 3 2 5 4 6 4 4 . 2 3 3 . 11 5 6 2 5 5 1 4 9 . . 11 2 4 5 12 6 . 3 9 25 Tactical Retreats 36 | . 1 . 2 1 1 1 . . . . . . . 3 6 . 2 . . . . . . 4 . . . . 2 . 1 6 6 Traps | -11 -10 -10 -9 -9 -8 -8 -7 -7 -7 -7 -7 -7 -6 -6 -6 -6 -6 -6 -6 -6 -5 -5 -5 -5 -4 -4 -4 -4 -3 -2 -2 -2 -1 ------- Run | Yrd Mat Min Mat Min Mat Gar Fac Gar Fac Low Low Dat Pro Fac Gar Fac Ext Cet Arc Hub Fac Upp Upp War Pro Fac Gar Fac Res Res Tes Sec Acc Traps Triggered 27 | . 1 . 1 . 2 2 2 1 . . . . . . . . 2 . . . 1 . . . . . 8 2 2 . 1 2 . Indirectly . | . . . . . . . . . . . . . . . . . . . . . . . . . . . . . . . . . . Trap Hack Attempts . | . . . . . . . . . . . . . . . . . . . . . . . . . . . . . . . . . . Triggered . | . . . . . . . . . . . . . . . . . . . . . . . . . . . . . . . . . . Disarmed . | . . . . . . . . . . . . . . . . . . . . . . . . . . . . . . . . . . Reprogrammed . | . . . . . . . . . . . . . . . . . . . . . . . . . . . . . . . . . . Reused . | . . . . . . . . . . . . . . . . . . . . . . . . . . . . . . . . . . Traps Extracted . | . . . . . . . . . . . . . . . . . . . . . . . . . . . . . . . . . . Installed . | . . . . . . . . . . . . . . . . . . . . . . . . . . . . . . . . . . Triggered . | . . . . . . . . . . . . . . . . . . . . . . . . . . . . . . . . . . Machines | -11 -10 -10 -9 -9 -8 -8 -7 -7 -7 -7 -7 -7 -6 -6 -6 -6 -6 -6 -6 -6 -5 -5 -5 -5 -4 -4 -4 -4 -3 -2 -2 -2 -1 ---------- Run | Yrd Mat Min Mat Min Mat Gar Fac Gar Fac Low Low Dat Pro Fac Gar Fac Ext Cet Arc Hub Fac Upp Upp War Pro Fac Gar Fac Res Res Tes Sec Acc Machines Disabled 101 | . . . . . 3 5 2 9 . 1 . . . 10 7 . 6 . 3 . 3 1 . 1 . 1 9 19 4 . 8 6 3 Max in Single Turn 6 | . . . . . 1 1 1 1 . 1 . . . 4 1 . 1 . 1 . 1 1 . 1 . 1 1 6 1 . 1 1 1 Garrison Access 3 | . . . . . . . . . . . . . . . . . . . . . . . . . . . . . 1 2 . . . Garrison Relay 18 | . . . . . . 3 . 6 . . . . . . 4 . . . . . . . . . . . 5 . . . . . . Phase Generator 1 | . . . . . . . . 1 . . . . . . . . . . . . . . . . . . . . . . . . . Network Hub 1 | . . . . . . . . . . . . . . . . . . . . 1 . . . . . . . . . . . . . Machines Repaired . | . . . . . . . . . . . . . . . . . . . . . . . . . . . . . . . . . . Machines Dismantled . | . . . . . . . . . . . . . . . . . . . . . . . . . . . . . . . . . . Machines Sabotaged 1 | . . . . . . . . . . . . . . . . . . . . 1 . . . . . . . . . . . . . Overloaded Fab Kills . | . . . . . . . . . . . . . . . . . . . . . . . . . . . . . . . . . . Hacking | -11 -10 -10 -9 -9 -8 -8 -7 -7 -7 -7 -7 -7 -6 -6 -6 -6 -6 -6 -6 -6 -5 -5 -5 -5 -4 -4 -4 -4 -3 -2 -2 -2 -1 --------- Run | Yrd Mat Min Mat Min Mat Gar Fac Gar Fac Low Low Dat Pro Fac Gar Fac Ext Cet Arc Hub Fac Upp Upp War Pro Fac Gar Fac Res Res Tes Sec Acc Machines Accessed 88 | . 3 1 11 . 5 3 4 3 2 . . 4 1 6 1 4 2 . . 1 2 . 1 1 . 2 . 3 6 1 7 10 4 Terminals 57 | . 3 . 9 . 3 3 2 3 . . . . . 4 1 3 2 . . 1 2 . . . . . . 2 3 1 4 9 2 Fabricators 1 | . . . . . . . . . 1 . . . . . . . . . . . . . . . . . . . . . . . . Repair Stations 5 | . . . . . . . . . . . . . . . . . . . . . . . . . . 1 . 1 . . 2 1 . Recycling Units 2 | . . . . . 1 . . . . . . . 1 . . . . . . . . . . . . . . . . . . . . Scanalyzers 5 | . . . 2 . . . . . 1 . . . . . . . . . . . . . . . . . . . 2 . . . . Garrison Access 11 | . . . . . 1 . 2 . . . . . . 2 . 1 . . . . . . . . . 1 . . 1 . 1 . 2 Total Hacks 223 | . 9 1 23 . 7 3 10 8 4 . . 32 2 11 2 9 3 . . 1 5 . 1 5 . 8 . 9 17 3 16 22 12 Successful 114 | . 4 1 13 . 6 3 4 2 4 . . 32 2 3 1 2 . . . 1 1 . 1 5 . 5 . 3 5 . 7 9 . Failed 107 | . 5 . 9 . 1 . 6 6 . . . . . 8 1 7 3 . . . 4 . . . . 3 . 6 11 3 9 13 12 Catastrophic 24 | . 1 . 1 . . . 1 1 . . . . . 1 . . 1 . . . 1 . . . . . . 2 3 2 1 7 2 Database Lockouts 2 | . . . 1 . . . . . . . . . . . . . . . . . . . . . . . . . 1 . . . . Manual 72 | . . . 12 . 3 . 3 . 1 . . . 1 7 . 3 3 1 . 1 3 . . 1 . . . 6 8 . 10 7 2 Terminals 133 | . 9 . 20 . 5 3 5 8 . . . . . 8 2 7 3 . . 1 5 . . . . . . 8 9 3 12 20 5 Fabricators 2 | . . . . . . . . . 2 . . . . . . . . . . . . . . . . . . . . . . . . Repair Stations 10 | . . . . . . . . . . . . . . . . . . . . . . . . . . 5 . 1 . . 2 2 . Recycling Units 3 | . . . . . 1 . . . . . . . 2 . . . . . . . . . . . . . . . . . . . . Scanalyzers 12 | . . . 3 . . . . . 2 . . . . . . . . . . . . . . . . . . . 7 . . . . Garrison Access 24 | . . . . . 1 . 5 . . . . . . 3 . 2 . . . . . . . . . 3 . . 1 . 2 . 7 Terminal Hacks 74 | . 4 1 5 . 3 3 3 2 . . . 32 . 1 1 1 . . . . 1 . 1 5 . . . 1 1 . 3 6 . Record 12 | . . . . . . . . . . . . 11 . . . . . . . . . . . . . . . . . . . 1 . Part Schematic 12 | . . . . . . . . . . . . 12 . . . . . . . . . . . . . . . . . . . . . Robot Schematic 6 | . . . . . . . . . . . . 6 . . . . . . . . . . . . . . . . . . . . . Prototype ID Bank 10 | . 1 . 1 . . . . . . . . 3 . . . . . . . . . . . 5 . . . . . . . . . Open Door 7 | . . 1 . . . 1 . 1 . . . . . . . . . . . . . . 1 . . . . . . . . 3 . Open DSF 2 | . . . . . . . . . . . . . . . . 1 . . . . . . . . . . . . 1 . . . . Branch Access Points 2 | . . . . . . . 1 . . . . . . . . . . . . . 1 . . . . . . . . . . . . Emergency Access Points 2 | . . . . . . 1 . 1 . . . . . . . . . . . . . . . . . . . . . . . . . Alert Level 1 | . . . . . . . . . . . . . . . . . . . . . . . . . . . . . . . . 1 . Unreport Threat 2 | . . . . . 1 . . . . . . . . . . . . . . . . . . . . . . . . . . 1 . Locate Traps 2 | . 1 . 1 . . . . . . . . . . . . . . . . . . . . . . . . . . . . . . Hauler Manifests 4 | . 1 . 1 . 1 . . . . . . . . 1 . . . . . . . . . . . . . . . . . . . Zone Layout 9 | . 1 . 2 . 1 . 2 . . . . . . . . . . . . . . . . . . . . 1 . . 2 . . Garrison Registry 2 | . . . . . . 1 . . . . . . . . 1 . . . . . . . . . . . . . . . . . . Protovariant Controls 1 | . . . . . . . . . . . . . . . . . . . . . . . . . . . . . . . 1 . . Fabricator Hacks 1 | . . . . . . . . . 1 . . . . . . . . . . . . . . . . . . . . . . . . Build 1 | . . . . . . . . . 1 . . . . . . . . . . . . . . . . . . . . . . . . Repair Station Hacks 4 | . . . . . . . . . . . . . . . . . . . . . . . . . . 4 . . . . . . . Scan Component 2 | . . . . . . . . . . . . . . . . . . . . . . . . . . 2 . . . . . . . Repair 2 | . . . . . . . . . . . . . . . . . . . . . . . . . . 2 . . . . . . . Recycling Unit Hacks 2 | . . . . . 1 . . . . . . . 1 . . . . . . . . . . . . . . . . . . . . Report Inventory 2 | . . . . . 1 . . . . . . . 1 . . . . . . . . . . . . . . . . . . . . Scanalyzer 6 | . . . 2 . . . . . 2 . . . . . . . . . . . . . . . . . . . 2 . . . . Insert Component 1 | . . . . . . . . . 1 . . . . . . . . . . . . . . . . . . . . . . . . Retrieve Study 5 | . . . 2 . . . . . 1 . . . . . . . . . . . . . . . . . . . 2 . . . . Garrison Access Hacks 5 | . . . . . 1 . 1 . . . . . . 1 . . . . . . . . . . . 1 . . 1 . . . . Unlock Access 4 | . . . . . 1 . 1 . . . . . . 1 . . . . . . . . . . . 1 . . . . . . . Seal Access 1 | . . . . . . . . . . . . . . . . . . . . . . . . . . . . . 1 . . . . Unauthorized Hacks 22 | . . . 6 . 1 . . . 1 . . . 1 1 . 1 . . . 1 . . . . . . . 2 1 . 4 3 . Terminals 18 | . . . 6 . 1 . . . . . . . . 1 . 1 . . . 1 . . . . . . . 1 1 . 3 3 . Track 1 | . . . . . . . . . . . . . . . . . . . . . . . . . . . . . . . 1 . . Botnet 11 | . . . 1 . 1 . . . . . . . . 1 . 1 . . . . . . . . . . . 1 1 . 2 3 . Skim 5 | . . . 5 . . . . . . . . . . . . . . . . . . . . . . . . . . . . . . Sabotage 1 | . . . . . . . . . . . . . . . . . . . . 1 . . . . . . . . . . . . . Fabricators 1 | . . . . . . . . . 1 . . . . . . . . . . . . . . . . . . . . . . . . Prioritize 1 | . . . . . . . . . 1 . . . . . . . . . . . . . . . . . . . . . . . . Repair Stations 2 | . . . . . . . . . . . . . . . . . . . . . . . . . . . . 1 . . 1 . . Patch 2 | . . . . . . . . . . . . . . . . . . . . . . . . . . . . 1 . . 1 . . Recycling Units 1 | . . . . . . . . . . . . . 1 . . . . . . . . . . . . . . . . . . . . Tunnel 1 | . . . . . . . . . . . . . 1 . . . . . . . . . . . . . . . . . . . . Scanalyzers . | . . . . . . . . . . . . . . . . . . . . . . . . . . . . . . . . . . Garrison Access . | . . . . . . . . . . . . . . . . . . . . . . . . . . . . . . . . . . Data Cores Recovered 5 | . . . 1 . . . . . . . . . . . . 1 1 . . . 1 . . . . . . . . . . . 1 Used 1 | . . . . . . . . . . . . . . . . . . . . . . . . . . . . . . . . . 1 Hacking Detections 60 | . 2 . 7 . 2 2 4 3 1 . . . . 5 1 3 2 1 . . 2 . . . . 2 . 2 3 1 5 8 4 Full Trace Events 9 | . . . 1 . . . 1 2 . . . . . 1 . . . . . . . . . . . . . 1 . 1 . . 2 Feedback Events 1 | . . . . . . . . . . . . . . . . . . . . . . . . . . . . . . 1 . . . Corruption 1 | . . . . . . . . . . . . . . . . . . . . . . . . . . . . . . 1 . . . Feedback Blocked . | . . . . . . . . . . . . . . . . . . . . . . . . . . . . . . . . . . Robot Schematics Acquired 6 | . . . . . . . . . . . . 6 . . . . . . . . . . . . . . . . . . . . . Robots Built 2 | . . . . . . . . . 2 . . . . . . . . . . . . . . . . . . . . . . . . Authchips . | . . . . . . . . . . . . . . . . . . . . . . . . . . . . . . . . . . Time 134 | . . . . . . . . . 134 . . . . . . . . . . . . . . . . . . . . . . . . Total Robot Build Rating 8 | . . . . . . . . . 8 . . . . . . . . . . . . . . . . . . . . . . . . Part Schematics Acquired 12 | . . . . . . . . . . . . 12 . . . . . . . . . . . . . . . . . . . . . Parts Built . | . . . . . . . . . . . . . . . . . . . . . . . . . . . . . . . . . . Authchips . | . . . . . . . . . . . . . . . . . . . . . . . . . . . . . . . . . . Time . | . . . . . . . . . . . . . . . . . . . . . . . . . . . . . . . . . . Total Part Build Rating . | . . . . . . . . . . . . . . . . . . . . . . . . . . . . . . . . . . Part Studies Acquired 5 | . . . 2 . . . . . 1 . . . . . . . . . . . . . . . . . . . 2 . . . . Parts Repaired 2 | . . . . . . . . . . . . . . . . . . . . . . . . . . 2 . . . . . . . Time 98 | . . . . . . . . . . . . . . . . . . . . . . . . . . 98 . . . . . . . Parts Recycled . | . . . . . . . . . . . . . . . . . . . . . . . . . . . . . . . . . . Recycled Matter . | . . . . . . . . . . . . . . . . . . . . . . . . . . . . . . . . . . Retrieved Matter . | . . . . . . . . . . . . . . . . . . . . . . . . . . . . . . . . . . Retrieved Components . | . . . . . . . . . . . . . . . . . . . . . . . . . . . . . . . . . . Parts Scanalyzed . | . . . . . . . . . . . . . . . . . . . . . . . . . . . . . . . . . . Part Schematics Acquired . | . . . . . . . . . . . . . . . . . . . . . . . . . . . . . . . . . . Parts Damaged . | . . . . . . . . . . . . . . . . . . . . . . . . . . . . . . . . . . Bothacking | -11 -10 -10 -9 -9 -8 -8 -7 -7 -7 -7 -7 -7 -6 -6 -6 -6 -6 -6 -6 -6 -5 -5 -5 -5 -4 -4 -4 -4 -3 -2 -2 -2 -1 ------------ Run | Yrd Mat Min Mat Min Mat Gar Fac Gar Fac Low Low Dat Pro Fac Gar Fac Ext Cet Arc Hub Fac Upp Upp War Pro Fac Gar Fac Res Res Tes Sec Acc Used RIF Installer . | . . . . . . . . . . . . . . . . . . . . . . . . . . . . . . . . . . Robots Hacked 5 | . . . . . . . . . . . . . 1 . . . . . . . . . . 4 . . . . . . . . . Non-combat . | . . . . . . . . . . . . . . . . . . . . . . . . . . . . . . . . . . Combat 5 | . . . . . . . . . . . . . 1 . . . . . . . . . . 4 . . . . . . . . . Robot Hacks Applied 5 | . . . . . . . . . . . . . 1 . . . . . . . . . . 4 . . . . . . . . . parse_system 5 | . . . . . . . . . . . . . 1 . . . . . . . . . . 4 . . . . . . . . . Relay Couplers Released 71 | . . . . . . 11 . 27 . . . . . . 14 . . . . . . . . . . . 19 . . . . . . Machine Destruction 71 | . . . . . . 11 . 27 . . . . . . 14 . . . . . . . . . . . 19 . . . . . . Fabnet Peak Effective % . | . . . . . . . . . . . . . . . . . . . . . . . . . . . . . . . . . . Robots Rewired 40 | . . . . . . 2 . 10 . . . . 2 . 3 . 20 . . . . . . . . . 3 . . . . . . Allies Hacked 6 | . . . . . . . . . . . . . . 1 . . . . . . . . . . . . . 5 . . . . . Hacks Repelled . | . . . . . . . . . . . . . . . . . . . . . . . . . . . . . . . . . . Allies | -11 -10 -10 -9 -9 -8 -8 -7 -7 -7 -7 -7 -7 -6 -6 -6 -6 -6 -6 -6 -6 -5 -5 -5 -5 -4 -4 -4 -4 -3 -2 -2 -2 -1 -------- Run | Yrd Mat Min Mat Min Mat Gar Fac Gar Fac Low Low Dat Pro Fac Gar Fac Ext Cet Arc Hub Fac Upp Upp War Pro Fac Gar Fac Res Res Tes Sec Acc Total Allies 60 | . . . . 3 . 3 . 12 2 . . . 3 . 3 . 24 5 . . . . . . . . 5 . . . . . . Largest Group 17 | . . . . 3 3 3 3 12 14 14 11 10 12 1 3 . 17 16 10 9 6 . . . . . 5 5 . . . . . Highest-Rated Group 933 | . . . . 40 40 211 211 416 477 477 418 338 391 21 138 . 644 933 572 533 443 . . . . . 264 264 . . . . . Highest-Rated Ally 159 | . . . . 16 16 149 149 80 80 80 80 80 80 21 46 . 159 159 96 96 96 . . . . . 80 80 . . . . . Initial Warlord ECA Mod 31 | . . . . . . . 4 4 17 17 17 17 16 16 16 24 24 24 24 24 23 23 23 23 22 22 22 31 30 29 29 29 28 Total Orders 16 | . . . . . . . . 2 . . . 2 8 . . . . 2 . . . . . . . . . 2 . . . . . STAY 10 | . . . . . . . . 1 . . . 1 7 . . . . 1 . . . . . . . . . . . . . . . FOLLOW 4 | . . . . . . . . 1 . . . 1 1 . . . . 1 . . . . . . . . . . . . . . . EXPLORE 2 | . . . . . . . . . . . . . . . . . . . . . . . . . . . . 2 . . . . . Ally Attacks 719 | . . . . . 22 17 30 . 21 38 21 . 197 3 19 . 142 89 14 26 60 . . . . . 10 10 . . . . . Total Damage 17954 | . . . . . 289 252 1091 . 446 1047 619 . 4790 65 552 . 2870 2114 338 633 2199 . . . . . 383 266 . . . . . Kills 130 | . . . . . 3 2 9 . 4 13 8 . 31 1 1 . 22 11 4 2 14 . . . . . 2 3 . . . . . Allies Corrupted 2 | . . . . . . . . . . . . . . . . . . . . . . . . . . . . 2 . . . . . Allies Melted 5 | . . . . . . . . . . . . . . . . . . . . 1 2 . . 2 . . . . . . . . . Intel | -11 -10 -10 -9 -9 -8 -8 -7 -7 -7 -7 -7 -7 -6 -6 -6 -6 -6 -6 -6 -6 -5 -5 -5 -5 -4 -4 -4 -4 -3 -2 -2 -2 -1 ------- Run | Yrd Mat Min Mat Min Mat Gar Fac Gar Fac Low Low Dat Pro Fac Gar Fac Ext Cet Arc Hub Fac Upp Upp War Pro Fac Gar Fac Res Res Tes Sec Acc Active Infowar (turns) 21393 | 173 1095 237 308 85 578 . . . 7 . . . . 1419 . 357 392 . . 32 783 896 723 1332 420 354 2150 1455 2446 1273 1556 2276 1046 Optics 16518 | . . . . . . . . . . . . . . . . . . . . . 591 896 723 1332 420 354 2150 1455 2446 1273 1556 2276 1046 Sensors 14567 | . . . . . . . . . 7 . . . . 1419 . 357 392 . . 32 687 893 723 815 419 354 3 1254 2363 1252 1186 1682 729 Seismic 2476 | 173 1095 237 308 85 578 . . . . . . . . . . . . . . . . . . . . . . . . . . . . Cloaking 1194 | . . . . . . . . . . . . . . . . . . . . . . . . 2 . . . . . 26 23 823 320 Jamming 2935 | . . . . . . . . . . . . . . . . . . . . . . . . . . . . 443 622 3 1159 573 135 Robot Analysis Total . | . . . . . . . . . . . . . . . . . . . . . . . . . . . . . . . . . . Derelict Logs Recovered 9 | . . 2 . 3 . . . . . . 1 . 1 . . . . . . . . 1 . . 1 . . . . . . . . Drone Launches 2 | . . . . . . . . . . . . . . . . . . . . . . . . . . . . 2 . . . . . Drone Recoveries . | . . . . . . . . . . . . . . . . . . . . . . . . . . . . . . . . . . Exploration | -11 -10 -10 -9 -9 -8 -8 -7 -7 -7 -7 -7 -7 -6 -6 -6 -6 -6 -6 -6 -6 -5 -5 -5 -5 -4 -4 -4 -4 -3 -2 -2 -2 -1 ------------- Run | Yrd Mat Min Mat Min Mat Gar Fac Gar Fac Low Low Dat Pro Fac Gar Fac Ext Cet Arc Hub Fac Upp Upp War Pro Fac Gar Fac Res Res Tes Sec Acc Turns Passed 37443 | 266 1341 285 1803 379 1349 874 1610 1430 616 770 690 181 1817 2318 1388 409 1517 767 772 32 843 896 723 1332 420 354 2150 1514 2446 1273 1556 2276 1046 Spaces Moved 20201 | 127 625 135 806 220 527 363 795 735 322 415 382 89 759 1130 544 236 658 241 83 17 552 685 568 881 233 230 1112 808 1856 1024 957 1208 878 Core 3 | 3 . . . . . . . . . . . . . . . . . . . . . . . . . . . . . . . . . Treads 7621 | 124 625 84 806 220 527 363 795 735 322 415 382 89 759 46 39 236 658 241 83 17 55 . . . . . . . . . . . . Legs 12106 | . . 51 . . . . . . . . . . . 1084 505 . . . . . 497 685 568 881 233 230 1112 808 1856 1024 957 1125 490 Wheels . | . . . . . . . . . . . . . . . . . . . . . . . . . . . . . . . . . . Hover . | . . . . . . . . . . . . . . . . . . . . . . . . . . . . . . . . . . Flight . | . . . . . . . . . . . . . . . . . . . . . . . . . . . . . . . . . . Fastest Speed 50 | 50 160 152 152 155 155 200 160 160 160 160 160 160 160 120 97 160 160 160 160 160 120 120 120 108 108 110 110 108 106 103 107 103 110 Average Speed 141 | 157 160 170 154 155 199 200 175 160 160 160 160 160 221 168 157 160 160 160 160 160 124 120 120 114 108 110 131 115 114 112 110 107 120 Slowest Speed 330 | 160 160 190 155 155 280 200 200 160 160 160 160 160 250 330 190 160 160 240 160 160 240 120 120 174 108 110 140 124 121 118 114 183 190 Overloaded Moves . | . . . . . . . . . . . . . . . . . . . . . . . . . . . . . . . . . . Propulsion Burnouts . | . . . . . . . . . . . . . . . . . . . . . . . . . . . . . . . . . . Robots Hopped . | . . . . . . . . . . . . . . . . . . . . . . . . . . . . . . . . . . Potential Cave-ins 2 | . . . . . . . . . . . . . . . . . . . . . . . . . . . . . . . . 2 . Cave-ins Triggered . | . . . . . . . . . . . . . . . . . . . . . . . . . . . . . . . . . . Teleports 1 | . . . . . . . . . . . . . . . . . . . . . . . . . . . . . . . . . 1 Microwarps 39 | . . . . . . . . . . . . . . . . . . . . . . . . . . . . . . . . 6 33 Exploration Rate (%) 52 | 7 85 43 73 50 52 60 24 96 13 52 67 68 65 31 73 9 88 56 77 5 20 71 73 65 46 8 95 30 66 36 94 62 25 Regions Visited 33 Branch Regions 16 Pre-discovered Areas 7 | . . 1 1 2 . . . . . 1 . 1 1 . . . . . . . . . . . . . . . . . . . . Known Exits Taken 21 | . . . . 1 1 . 1 . 1 . . . . 1 . 1 1 1 1 1 1 1 1 1 1 1 . 1 1 1 1 1 . Unknown Exits Taken 8 | 1 1 1 1 . . . . . . 1 1 1 1 . . . . . . . . . . . . . . . . . . . . Scrap Searched 12 | . . 1 . 2 . . . . . 2 2 . 2 . . . . . . . . 1 1 . 1 . . . . . . . . Spaces Dug 231 | . 3 . 7 . 3 1 5 1 2 1 2 . . 19 6 1 1 . . . 4 22 11 . 1 1 28 41 18 1 22 17 13 Terrain Destroyed 1111 | . 15 . 8 2 27 14 20 71 2 1 2 . 2 71 26 1 4 1 . . 44 22 12 177 1 6 96 221 51 1 57 92 64 Melee 125 | . . . 5 . 1 1 4 1 2 1 1 . . 19 5 1 1 . . . 4 13 10 . 1 1 27 19 8 . . . . Projectile 366 | . 4 . 3 . 9 . 4 . . . . . 2 . 2 . 3 1 . . 4 9 2 35 . 5 29 54 17 1 55 92 35 AOE 599 | . 11 . . 2 17 13 12 70 . . . . . 42 15 . . . . . 36 . . 142 . . 36 148 26 . . . 29 Terrain Rammed . | . . . . . . . . . . . . . . . . . . . . . . . . . . . . . . . . . . Walls Destroyed . | . . . . . . . . . . . . . . . . . . . . . . . . . . . . . . . . . . Machines Disabled . | . . . . . . . . . . . . . . . . . . . . . . . . . . . . . . . . . . Actions | -11 -10 -10 -9 -9 -8 -8 -7 -7 -7 -7 -7 -7 -6 -6 -6 -6 -6 -6 -6 -6 -5 -5 -5 -5 -4 -4 -4 -4 -3 -2 -2 -2 -1 --------- Run | Yrd Mat Min Mat Min Mat Gar Fac Gar Fac Low Low Dat Pro Fac Gar Fac Ext Cet Arc Hub Fac Upp Upp War Pro Fac Gar Fac Res Res Tes Sec Acc Total 26375 | 163 861 169 1162 242 702 450 917 962 416 503 443 128 849 1349 851 256 984 569 707 21 660 719 585 1088 396 309 1456 1175 2067 1144 1287 1920 865 Wait 3457 | . 157 10 147 12 49 23 22 82 63 74 48 36 15 48 22 4 101 274 609 2 42 1 3 84 159 62 87 160 61 77 160 536 227 Move 19738 | 126 624 134 805 219 527 362 794 734 321 414 381 88 758 1129 543 235 657 240 82 17 551 684 567 880 232 230 1111 807 1855 1023 956 1130 522 Hop . | . . . . . . . . . . . . . . . . . . . . . . . . . . . . . . . . . . Pick Up 222 | 3 11 3 16 . 21 4 14 2 4 . 1 . 7 9 20 2 3 10 . . 7 . . 10 . 2 6 23 14 4 . 13 13 Fast Attach 216 | 7 1 3 7 . 8 . 6 4 1 2 . 2 5 13 7 2 4 5 5 . 8 4 . 11 . 2 14 14 20 16 9 25 11 Attach 122 | . 1 2 4 1 9 3 9 . . . . . 1 6 15 . 2 3 . 1 2 . . 4 . 1 6 19 9 . . 6 18 Detach 25 | . . 1 . . . . 1 . . . . . 1 2 1 . . 1 . . . . . 2 . . 1 2 2 2 2 1 6 Swap 380 | . 12 3 30 1 14 4 8 3 8 . . . 9 31 21 5 12 3 . 1 15 . 2 19 3 3 20 24 13 3 50 56 7 Drop 312 | . 1 3 34 . 13 3 8 8 11 2 1 2 16 21 17 3 4 10 5 . 11 3 . 17 . . 13 13 26 16 11 28 12 Fire 1240 | 27 54 10 110 9 60 22 50 7 2 8 11 . 32 51 118 2 48 23 6 . 18 11 2 61 . 7 108 79 35 3 99 121 46 Melee 267 | . . . 9 . 1 14 4 12 6 3 1 . . 39 20 3 3 . . . 5 16 11 . 2 2 58 31 27 . . . . Ram . | . . . . . . . . . . . . . . . . . . . . . . . . . . . . . . . . . . Kick 11 | . . . . . . . . . . . . . . . . . . . . . 1 . . . . . . 3 . . . 4 3 Crush 3 | . . . . . . . 1 . . . . . . . . . 2 . . . . . . . . . . . . . . . . Escape Stasis 13 | . . . . . . 4 . . . . . . . . . . . . . . . . . . . . 4 . 5 . . . . Rewire 369 | . . . . . . 11 . 110 . . . . 5 . 67 . 148 . . . . . . . . . 28 . . . . . . Trap . | . . . . . . . . . . . . . . . . . . . . . . . . . . . . . . . . . . Miscellaneous . | . . . . . . . . . . . . . . . . . . . . . . . . . . . . . . . . . . Route ------- -11/Scrapyard -10/Materials (discovered 5 exits: *Mat x3 / *Min x2) -10/Mines -9/Materials (discovered 5 exits: *Mat x3 / [*Min] / [*Sto]) -9/Mines (discovered 2 exits: *Mat x2) -8/Materials (discovered 3 exits: *Fac x2 / Gar) -8/Garrison (discovered 3 exits: *Fac x3) -7/Factory (discovered 4 exits: *Fac / Low x2 / Gar) -7/Garrison (discovered 3 exits: *Fac x3) -7/Factory (discovered 2 exits: *Fac / *Low) -7/Lower Caves -7/Lower Caves (discovered 2 exits: *Fac / *Dat) -7/Data Miner -6/Proximity Caves -6/Factory -6/Garrison (discovered 3 exits: *Fac x3) -6/Factory -6/Extension (discovered 2 exits: *Fac / *Cet) -6/Cetus (discovered 2 exits: *Fac / *Arc) -6/Archives (discovered 3 exits: *Fac / *Hub x2) -6/Hub_04(d) -5/Factory (discovered 2 exits: *Upp x2) -5/Upper Caves -5/Upper Caves -5/Warlord -4/Proximity Caves -4/Factory -4/Garrison (discovered 3 exits: *Fac x3) -4/Factory -3/Research (discovered 3 exits: *Res x3) -2/Research (discovered 3 exits: *Acc / *Tes x2) -2/Testing (discovered 3 exits: *Acc / *Sec / [*Frg]) -2/Section 7 -1/Access To Epsilon Eridani History --------- Turn | Location | Event 8 | -11/Scrapyard | Discovered new exit (range 15) 267 | -11/Scrapyard | Entered Materials 277 | -10/Materials | Discovered new exit (range 13) 301 | -10/Materials | Build established: Mutant 537 | -10/Materials | Discovered new exit (range 11) 1054 | -10/Materials | Discovered new exit (range 11) 1195 | -10/Materials | Discovered new exit (range 14) 1352 | -10/Materials | Discovered new exit (range 16) 1608 | -10/Materials | Entered Mines 1651 | -10/Mines | Learned location of Zion (-6) 1683 | -10/Mines | Met a Derelict bent on vengeance 1753 | -10/Mines | Core integrity fell below 50% 1787 | -10/Mines | Lost 3 parts (1p2n) 1799 | -10/Mines | Learned Materials terminal intel 1814 | -10/Mines | Discovered new exit (range 14) 1853 | -10/Mines | Met a Derelict shopkeep closing up shop 1893 | -10/Mines | Entered Materials 1893 | -9/Materials | Evolved 2 slots: Propulsion x1, Weapon x1 1894 | -9/Materials | Loaded intel: 12 terminal locations 2059 | -9/Materials | Discovered new exit (range 7) 2173 | -9/Materials | Discovered new exit (range 12) 2436 | -9/Materials | Build established: Scavenger-Tank 2638 | -9/Materials | Learned location of Mines (-8) 2639 | -9/Materials | Discovered new exit (range 5) 2701 | -9/Materials | Learned 2 Storage zone layouts 2795 | -9/Materials | Learned Storage trap positions 2824 | -9/Materials | Learned 2 Storage zone layouts 2865 | -9/Materials | Identified exit to Materials 2918 | -9/Materials | Loaded intel: 14 trap records 3079 | -9/Materials | Central database locked down 3099 | -9/Materials | Build established: Tank 3238 | -9/Materials | Discovered new exit (range 16) 3493 | -9/Materials | First assault squad dispatched 3696 | -9/Materials | Entered Mines 3870 | -9/Mines | Learned location of Storage (-9) 3988 | -9/Mines | Learned location of 2 exits from Materials 4051 | -9/Mines | Assisted by bots powering up and referring to "LRC-V3" 4075 | -9/Mines | Entered Materials 4075 | -8/Materials | Accompanied by 3 allies 4075 | -8/Materials | Evolved 2 slots: Utility x2 4076 | -8/Materials | Identified exit to Factory 4268 | -8/Materials | Lost 3 allies 4388 | -8/Materials | Lost 3 parts (1n2w) 4636 | -8/Materials | Build established: Scavenger-Tank 5100 | -8/Materials | Build established: Scavenger-Mutant 5423 | -8/Materials | Identified exit to Garrison 5424 | -8/Materials | Entered Garrison 5468 | -8/Garrison | Triggered checkpoint 5492 | -8/Garrison | Garrison Relay disabled 5837 | -8/Garrison | Triggered checkpoint 5839 | -8/Garrison | Triggered checkpoint 5954 | -8/Garrison | Triggered checkpoint 5961 | -8/Garrison | Discovered exit to Factory (range 23) 5961 | -8/Garrison | Discovered exit to Factory (range 53) 5961 | -8/Garrison | Discovered exit to Factory (range 52) 5991 | -8/Garrison | Garrison Relay disabled 6090 | -8/Garrison | Rescued HV-R5K 6176 | -8/Garrison | Triggered checkpoint 6248 | -8/Garrison | Garrison Relay disabled 6298 | -8/Garrison | Entered Factory 6298 | -7/Factory | Accompanied by 3 allies (HV-R5K) 6298 | -7/Factory | Evolved 2 slots: Propulsion x1, Utility x1 6348 | -7/Factory | Identified exit to Lower Caves 6772 | -7/Factory | Garrison activated, responded to threat 7081 | -7/Factory | Discovered new exit (range 13) 7156 | -7/Factory | Lost 7 parts (4n2u1w) 7708 | -7/Factory | Build established: Scavenger-Tank 7858 | -7/Factory | Identified exit to Garrison 7908 | -7/Factory | Entered Garrison 7908 | -7/Garrison | Discovered recently destroyed garrison 7982 | -7/Garrison | Garrison Relay disabled 8070 | -7/Garrison | Found embedded Infiltrators 8171 | -7/Garrison | Discovered new exit (range 15) 8273 | -7/Garrison | Garrison Relay disabled 8419 | -7/Garrison | Garrison Relay disabled 8558 | -7/Garrison | Garrison Relay disabled 8572 | -7/Garrison | Build established: Commander-Mutant 8624 | -7/Garrison | Discovered new exit (range 13) 8808 | -7/Garrison | Phase Generator disabled 9152 | -7/Garrison | Garrison Relay disabled 9172 | -7/Garrison | Garrison Relay disabled 9264 | -7/Garrison | Discovered new exit (range 5) 9338 | -7/Garrison | Entered Factory 9338 | -7/Factory | Accompanied by 12 allies 9555 | -7/Factory | Discovered new exit (range 8) 9728 | -7/Factory | Fabricated Y-54 Guardian? 9911 | -7/Factory | Discovered exit to Lower Caves (range 5) 9954 | -7/Factory | Entered Lower Caves 9954 | -7/Lower Caves | Accompanied by 14 allies 9960 | -7/Lower Caves | Met a Warlord Commander 9961 | -7/Lower Caves | Learned location of Warlord (-5) 9962 | -7/Lower Caves | Warlord Commander delivered Encrypted Comm Array 9988 | -7/Lower Caves | Found Encrypted Comm Array 10464 | -7/Lower Caves | Discovered new exit (range 12) 10570 | -7/Lower Caves | Attacked by a delusional Derelict stockpiling parts 10724 | -7/Lower Caves | Entered another Lower Caves area 10724 | -7/Lower Caves | Accompanied by 11 allies 10725 | -7/Lower Caves | Discovered new exit (range 12) 10868 | -7/Lower Caves | Learned Factory emergency access door positions 11371 | -7/Lower Caves | Discovered new exit (range 9) 11414 | -7/Lower Caves | Entered Data Miner 11414 | -7/Data Miner | Accompanied by 10 allies 11416 | -7/Data Miner | Discovered new exit (range 6) 11446 | -7/Data Miner | Met Data Miner 11476 | -7/Data Miner | Learned location of Section 7 (-2) 11476 | -7/Data Miner | Acquired the access code to Warlord's prototype stash 11499 | -7/Data Miner | Received God Mode back door access code from Data Miner 11595 | -7/Data Miner | Entered Proximity Caves 11595 | -6/Proximity Caves | Accompanied by 10 allies 11596 | -6/Proximity Caves | Greeted by an Infiltrator in a former 0b10 base 11689 | -6/Proximity Caves | Former 0b10 base attacked by MAIN.C 11934 | -6/Proximity Caves | Lost 11 allies 11995 | -6/Proximity Caves | 0b10 base defense nominally successful 12057 | -6/Proximity Caves | Build established: Commander-Gunner 12058 | -6/Proximity Caves | Lost 3 allies 12087 | -6/Proximity Caves | System corruption reached 10% 12518 | -6/Proximity Caves | Spotted B-75 Beast 12551 | -6/Proximity Caves | Allies destroyed B-75 Beast 12755 | -6/Proximity Caves | Discovered new exit (range 9) 12893 | -6/Proximity Caves | Build established: Scavenger-Gunner 13249 | -6/Proximity Caves | Learned Factory trap positions 13412 | -6/Proximity Caves | Entered Factory 13412 | -6/Factory | Accompanied by 1 ally 13412 | -6/Factory | Evolved 2 slots: Power x1, Weapon x1 13413 | -6/Factory | Loaded intel: 118 trap records 13938 | -6/Factory | Build established: Skirmisher 14781 | -6/Factory | Build established: Scavenger-Skirmisher 15512 | -6/Factory | First assault squad dispatched 15647 | -6/Factory | Identified exit to Garrison 15681 | -6/Factory | Found Prototype Launcher 15681 | -6/Factory | Identified Scatter Rocket Array 15730 | -6/Factory | Entered Garrison 15795 | -6/Garrison | Discovered new exit (range 28) 15795 | -6/Garrison | Discovered new exit (range 57) 15795 | -6/Garrison | Discovered new exit (range 59) 15809 | -6/Garrison | Triggered checkpoint 15853 | -6/Garrison | Garrison Relay disabled 15871 | -6/Garrison | Build established: Scavenger-Tank 16114 | -6/Garrison | Triggered checkpoint 16120 | -6/Garrison | Spotted B-75 Beast 16143 | -6/Garrison | Destroyed B-75 Beast 16143 | -6/Garrison | Triggered checkpoint 16184 | -6/Garrison | Lost 3 allies 16241 | -6/Garrison | Lost 11 parts (1p3n2u5w) 16326 | -6/Garrison | Garrison Relay disabled 16616 | -6/Garrison | Triggered checkpoint 16622 | -6/Garrison | Core integrity fell below 50% 16747 | -6/Garrison | Garrison Relay disabled 16862 | -6/Garrison | Triggered checkpoint 16894 | -6/Garrison | Garrison Relay disabled 17014 | -6/Garrison | Build established: Scavenger-Gunner 17117 | -6/Garrison | Identified exit to Factory 17118 | -6/Garrison | Entered Factory 17365 | -6/Factory | Build established: Scavenger-Tank 17519 | -6/Factory | Discovered new exit (range 6) 17526 | -6/Factory | Identified exit to Extension 17527 | -6/Factory | Entered Extension 17589 | -6/Extension | Rescued a captive Derelict 17589 | -6/Extension | Rescued a captive Derelict 18000 | -6/Extension | Lost 3 allies 18397 | -6/Extension | Spotted B-75 Beast 18409 | -6/Extension | Destroyed B-75 Beast 18421 | -6/Extension | Spotted B-75 Beast 18434 | -6/Extension | Allies destroyed B-75 Beast 18519 | -6/Extension | Incoming investigation squad redirected 18528 | -6/Extension | Rescued A7 18889 | -6/Extension | Rescued a captive Derelict 18967 | -6/Extension | Discovered new exit (range 10) 18968 | -6/Extension | Disrupted transfer network 18968 | -6/Extension | Discovered new exit (range 6) 18997 | -6/Extension | Build established: Commander-Tank 19030 | -6/Extension | Identified exit to Cetus 19044 | -6/Extension | Entered Cetus 19044 | -6/Cetus | Accompanied by 14 allies (A7) 19049 | -6/Cetus | Acquired a Cetus Manufacturing Module code from A7 19051 | -6/Cetus | Lost 3 allies 19064 | -6/Cetus | Spotted Cetus Guard 19065 | -6/Cetus | Spotted Cetus Guard 19068 | -6/Cetus | Spotted Cetus Guard 19069 | -6/Cetus | Spotted Cetus Guard 19076 | -6/Cetus | Allies destroyed Cetus Guard 19086 | -6/Cetus | Allies destroyed Cetus Guard 19088 | -6/Cetus | Allies destroyed Cetus Guard 19088 | -6/Cetus | Allies destroyed Cetus Guard 19118 | -6/Cetus | Lost 3 allies 19183 | -6/Cetus | Started Cetus Manufacturing Module 19202 | -6/Cetus | Discovered new exit (range 16) 19208 | -6/Cetus | Manufactured an Enhanced Grunt 19233 | -6/Cetus | Manufactured an Enhanced Grunt 19258 | -6/Cetus | Manufactured an Enhanced Grunt 19283 | -6/Cetus | Manufactured an Enhanced Grunt 19308 | -6/Cetus | Manufactured an Enhanced Grunt 19396 | -6/Cetus | Spotted Cetus Guard 19396 | -6/Cetus | Spotted Cetus Guard 19410 | -6/Cetus | Spotted Cetus Guard 19416 | -6/Cetus | Spotted Cetus Guard 19420 | -6/Cetus | Allies destroyed Cetus Guard 19423 | -6/Cetus | Allies destroyed Cetus Guard 19428 | -6/Cetus | Allies destroyed Cetus Guard 19446 | -6/Cetus | Discovered new exit (range 15) 19454 | -6/Cetus | Met Revision 17 19455 | -6/Cetus | Lost 4 allies 19504 | -6/Cetus | Found Prototype Device 19504 | -6/Cetus | Identified Exp. Thermal Shield 19707 | -6/Cetus | Murdered A7 19710 | -6/Cetus | Extracted ID and sensor layout for unrecognized location from A7's data core 19787 | -6/Cetus | Identified exit to Archives 19794 | -6/Cetus | Security sweep announced 19811 | -6/Cetus | Entered Archives 19811 | -6/Archives | Accompanied by 10 allies 19944 | -6/Archives | Discovered new exit (range 16) 19956 | -6/Archives | Discovered new exit (range 15) 19980 | -6/Archives | Discovered new exit (range 16) 20025 | -6/Archives | Build established: Scavenger-Tank 20038 | -6/Archives | Identified exit to Hub_04(d) 20583 | -6/Archives | Entered Hub_04(d) 20583 | -6/Hub_04(d) | Accompanied by 9 allies 20585 | -6/Hub_04(d) | Discovered new exit (range 11) 20604 | -6/Hub_04(d) | Network Hub disabled 20614 | -6/Hub_04(d) | Identified exit to Factory 20615 | -6/Hub_04(d) | Entered Factory 20615 | -5/Factory | Accompanied by 6 allies 20615 | -5/Factory | Evolved 2 slots: Propulsion x1, Utility x1 20768 | -5/Factory | Lost 4 allies 20844 | -5/Factory | Identified exit to Upper Caves 21215 | -5/Factory | First assault squad dispatched 21458 | -5/Factory | Entered Upper Caves 21459 | -5/Upper Caves | Encountered a Warlord checkpoint 21508 | -5/Upper Caves | Found Alien Artifact 21508 | -5/Upper Caves | Identified Dimensional Node Initializer 21508 | -5/Upper Caves | Initialized slip node 21531 | -5/Upper Caves | Build established: Scavenger-Assassin 21698 | -5/Upper Caves | Learned 8 Factory zone layouts 22077 | -5/Upper Caves | Spotted B-75 Beast 22175 | -5/Upper Caves | Discovered new exit (range 15) 22353 | -5/Upper Caves | Identified exit to Upper Caves 22354 | -5/Upper Caves | Entered another Upper Caves area 22372 | -5/Upper Caves | Encountered a Warlord checkpoint 23008 | -5/Upper Caves | Discovered new exit (range 2) 23008 | -5/Upper Caves | Identified exit to Warlord 23077 | -5/Upper Caves | Entered Warlord 23319 | -5/Warlord | Opened Warlord's prototype stash 23336 | -5/Warlord | Found Prototype Device 23336 | -5/Warlord | Identified Exp. Cloaking Device 23346 | -5/Warlord | Found Prototype Device 23346 | -5/Warlord | Identified Thermal Barrier 23349 | -5/Warlord | Found Prototype Processor 23349 | -5/Warlord | Identified Exp. Target Analyzer 23353 | -5/Warlord | Found Prototype Hackware 23370 | -5/Warlord | Found Prototype Reactor 23437 | -5/Warlord | Met Warlord 23462 | -5/Warlord | Warlord's base attacked by MAIN.C 23621 | -5/Warlord | Found Prototype Special Weapon 23621 | -5/Warlord | Identified RU-N14's Throwing Claymores v3 23624 | -5/Warlord | Found RU-N14's Throwing Claymores v3 23627 | -5/Warlord | Found RU-N14's Throwing Claymores v3 23727 | -5/Warlord | Destroyed 9 combat bots 23732 | -5/Warlord | Lost 5 allies 23738 | -5/Warlord | Found RU-N14's Throwing Claymores v3 23812 | -5/Warlord | Warlord forces counterattacked 23859 | -5/Warlord | Spotted Striker 23918 | -5/Warlord | Destroyed 7 combat bots 23937 | -5/Warlord | Spotted Striker 23955 | -5/Warlord | Destroyed Striker 23982 | -5/Warlord | Lost 16 allies 24053 | -5/Warlord | Lost 9 allies 24137 | -5/Warlord | Warlord base infiltrated, sounded retreat 24169 | -5/Warlord | Spotted Executioner 24171 | -5/Warlord | Spotted Striker 24209 | -5/Warlord | Build established: Scavenger-Tank 24237 | -5/Warlord | Spotted Executioner 24259 | -5/Warlord | Spotted Striker 24306 | -5/Warlord | Spotted Executioner 24312 | -5/Warlord | Spotted Striker 24326 | -5/Warlord | Destroyed Striker 24338 | -5/Warlord | Found Prototype Processor 24338 | -5/Warlord | Identified Exp. Core Analyzer 24345 | -5/Warlord | Discovered new exit (range 21) 24353 | -5/Warlord | Lost 9 allies 24362 | -5/Warlord | Spotted B-86 Titan 24362 | -5/Warlord | Spotted Executioner 24362 | -5/Warlord | Spotted Executioner 24375 | -5/Warlord | P-70 Sage assimilated allied ZU-D0G(Y) 24382 | -5/Warlord | P-80 Master assimilated allied C6-1PB(l) 24388 | -5/Warlord | Destroyed B-86 Titan 24401 | -5/Warlord | Identified exit to Proximity Caves 24409 | -5/Warlord | Entered Proximity Caves 24420 | -4/Proximity Caves | Lost 11 allies 24483 | -4/Proximity Caves | Learned Research garrison access intel 24663 | -4/Proximity Caves | Discovered new exit (range 21) 24828 | -4/Proximity Caves | Identified exit to Factory 24829 | -4/Proximity Caves | Entered Factory 24829 | -4/Factory | Evolved 2 slots: Propulsion x1, Utility x1 25021 | -4/Factory | Build established: Scavenger-Skirmisher 25029 | -4/Factory | Identified System Mapper 25079 | -4/Factory | Repaired Adv. KE Penetrator 25128 | -4/Factory | Garrison activated, responded to threat 25162 | -4/Factory | Repaired Adv. KE Penetrator 25183 | -4/Factory | Identified exit to Garrison 25183 | -4/Factory | Entered Garrison 25233 | -4/Garrison | Triggered checkpoint 25279 | -4/Garrison | Garrison Relay disabled 25428 | -4/Garrison | Lost 3 parts (2u1w) 25533 | -4/Garrison | Destroyed 7 combat bots 25575 | -4/Garrison | Spotted B-86 Titan 25694 | -4/Garrison | Destroyed B-86 Titan 25707 | -4/Garrison | Build established: Scavenger-Tank 25881 | -4/Garrison | Triggered checkpoint 25900 | -4/Garrison | Triggered checkpoint 26071 | -4/Garrison | Triggered checkpoint 26093 | -4/Garrison | Garrison Relay disabled 26103 | -4/Garrison | Garrison Relay disabled 26143 | -4/Garrison | Discovered new exit (range 12) 26175 | -4/Garrison | Identified exit to Factory 26285 | -4/Garrison | Triggered checkpoint 26415 | -4/Garrison | Triggered checkpoint 26456 | -4/Garrison | Garrison Relay disabled 26574 | -4/Garrison | Discovered exit to Factory (range 5) 26785 | -4/Garrison | Triggered checkpoint 26794 | -4/Garrison | Found embedded Infiltrators 26820 | -4/Garrison | Garrison Relay disabled 26922 | -4/Garrison | Discovered exit to Factory (range 11) 27333 | -4/Garrison | Entered Factory 27333 | -4/Factory | Accompanied by 5 allies 27600 | -4/Factory | Incoming investigation squad redirected 27672 | -4/Factory | Build established: Scavenger-Assassin 27696 | -4/Factory | P-70 Sage assimilated allied H6-C2T(x) 27750 | -4/Factory | Lost 6 allies 27799 | -4/Factory | Core integrity fell below 50% 27830 | -4/Factory | Destroyed 7 combat bots 27838 | -4/Factory | Lost 13 parts (3n5u5w) 28333 | -4/Factory | First assault squad dispatched 28361 | -4/Factory | Identified Vortex Chain Reactor 28378 | -4/Factory | System corruption reached 10% 28400 | -4/Factory | Lost 6 parts (2p1n2u1w) 28402 | -4/Factory | Destroyed 9 combat bots 28468 | -4/Factory | Incoming investigation squad redirected 28610 | -4/Factory | Incoming assault squad redirected 28821 | -4/Factory | Incoming investigation squad redirected 28833 | -4/Factory | Discovered new exit (range 8) 28846 | -4/Factory | Identified exit to Research 28847 | -4/Factory | Entered Research 28847 | -3/Research | Evolved 2 slots: Utility x1, Weapon x1 28848 | -3/Research | Loaded intel: 2 garrison access locations 28877 | -3/Research | Lost 5 parts (2n1u2w) 29047 | -3/Research | Revision forces began assault on 0b10 29165 | -3/Research | Spotted B-86 Titan 29279 | -3/Research | Discovered new exit (range 5) 29284 | -3/Research | Identified exit to Research 29314 | -3/Research | Met up with Revision 17++ 29440 | -3/Research | Found Prototype Device 29440 | -3/Research | Identified Exp. Focal Shield 29547 | -3/Research | Research terminal network offline 29660 | -3/Research | Lost 3 allies 29716 | -3/Research | Central database locked down 29766 | -3/Research | Discovered exit to Research (range 2) 29818 | -3/Research | Spotted Striker 30454 | -3/Research | Spotted Striker 30456 | -3/Research | Destroyed Striker 30618 | -3/Research | Spotted Executioner 30629 | -3/Research | Spotted Striker 30729 | -3/Research | Discovered exit to Research (range 18) 31115 | -3/Research | Spotted Striker 31247 | -3/Research | Spotted Striker 31268 | -3/Research | Destroyed Striker 31293 | -3/Research | Entered another Research area 31293 | -2/Research | Warlord forces began assault on 0b10 31293 | -2/Research | Evolved 2 slots: Power x1, Utility x1 31318 | -2/Research | Distinguished unit "Magnificent Bastards" dispatched to help 31318 | -2/Research | Distinguished unit "Lair Dwellers" dispatched to help 31403 | -2/Research | Research machine network offline 31432 | -2/Research | Lost 3 allies 31488 | -2/Research | Met up with Warlord 31549 | -2/Research | Build established: Scavenger-Skirmisher 31614 | -2/Research | Discovered new exit (range 9) 31630 | -2/Research | Identified exit to Testing 31726 | -2/Research | Borebot progress halted 31745 | -2/Research | Discovered exit to Testing (range 13) 31803 | -2/Research | Discovered new exit (range 13) 31815 | -2/Research | Identified exit to Access 31908 | -2/Research | Lost 6 allies 32183 | -2/Research | Borebot progress halted 32443 | -2/Research | Borebot progress halted 32537 | -2/Research | Warlord invited to help at Command 32537 | -2/Research | Given Cave Seal Controls access code 32538 | -2/Research | Met DD-05H 32547 | -2/Research | Found Exp. Core Analyzer 32566 | -2/Research | Entered Testing 32767 | -2/Testing | Lost 3 allies 32885 | -2/Testing | Discovered exit to Access (range 8) 33159 | -2/Testing | Watched by a mysterious "MATRIX" hacker 33381 | -2/Testing | Found Prototype Leg 33381 | -2/Testing | Identified Myomer Exoskeleton 33473 | -2/Testing | Incoming investigation squad redirected 33501 | -2/Testing | Found Prototype Device 33501 | -2/Testing | Identified AEGIS Remote Shield 33521 | -2/Testing | Found Prototype Energy Gun 33521 | -2/Testing | Identified Hyp. EM Gauss Rifle 34044 | -2/Testing | Spotted Fortress 34117 | -2/Testing | Discovered new exit (range 6) 34117 | -2/Testing | Discovered new exit (range 7) 34121 | -2/Testing | Identified exit to Section 7 34122 | -2/Testing | Entered Section 7 34243 | -2/Section 7 | Spotted S7 Guard 34261 | -2/Section 7 | Destroyed S7 Guard 34281 | -2/Section 7 | Found Prototype Protection 34281 | -2/Section 7 | Identified Hvy. Regenerative Plating 34427 | -2/Section 7 | Found Alien Artifact 34427 | -2/Section 7 | Identified Integrity Redistributor 34427 | -2/Section 7 | Used Integrity Redistributor, redistributed integrity from core (-208) 34467 | -2/Section 7 | System corruption reached 10% 34638 | -2/Section 7 | Found Alien Artifact 34638 | -2/Section 7 | Identified Integrated Thermoelectric Network 34638 | -2/Section 7 | Installed Integrated Thermoelectric Network, gained heat-energy exchange potential 34752 | -2/Section 7 | Found Integrity Redistributor 35256 | -2/Section 7 | Spotted Executioner 35257 | -2/Section 7 | Spotted Executioner 35320 | -2/Section 7 | Found Alien Artifact 35528 | -2/Section 7 | Spotted B-99 Colossus 35570 | -2/Section 7 | Found Alien Artifact 35570 | -2/Section 7 | Identified Integrated Reactor 35570 | -2/Section 7 | Installed Integrated Reactor, increased core energy generation (+10) 35573 | -2/Section 7 | Found Integrated Reactor 35573 | -2/Section 7 | Installed Integrated Reactor, increased core energy generation (+10) 35576 | -2/Section 7 | Found Integrated Reactor 35576 | -2/Section 7 | Installed Integrated Reactor, increased core energy generation (+10) 35620 | -2/Section 7 | Found Alien Artifact 35620 | -2/Section 7 | Identified LRC Armor 35620 | -2/Section 7 | Installed LRC Armor, increased core integrity (+250) 35622 | -2/Section 7 | Found Alien Artifact 35622 | -2/Section 7 | Identified LRC Inertial Stabilizer 35622 | -2/Section 7 | Installed LRC Inertial Stabilizer, increased mass support (+10) 35920 | -2/Section 7 | Destroyed Executioner 35937 | -2/Section 7 | Destroyed Executioner 36152 | -2/Section 7 | Found Alien Artifact 36211 | -2/Section 7 | System corruption reached 30% 36296 | -2/Section 7 | Destroyed 8 combat bots 36315 | -2/Section 7 | Identified Microwarp Drive 36337 | -2/Section 7 | Spotted B-90 Cyclops 36348 | -2/Section 7 | Discovered exit to Access (range 5) 36385 | -2/Section 7 | Spotted S7 Guard 36398 | -2/Section 7 | Entered Access 36398 | -1/Access | Evolved 2 slots: Propulsion x1, Utility x1 36485 | -1/Access | Spotted B-99 Colossus 36508 | -1/Access | Found Prototype Ballistic Gun 36541 | -1/Access | Spotted B-99 Colossus 36569 | -1/Access | Lost 15 allies 36587 | -1/Access | Identified Multirail 36648 | -1/Access | First assault squad dispatched 36656 | -1/Access | Destroyed 8 combat bots 36659 | -1/Access | Spotted B-99 Colossus 36674 | -1/Access | Incoming assault squad redirected 36715 | -1/Access | Lost 9 parts (1p1n1u6w) 36772 | -1/Access | Identified Transdimensional Reconstructor 36772 | -1/Access | Warped through subspace 36982 | -1/Access | Found Unknown Device 36982 | -1/Access | Identified Quantum Capacitor 37292 | -1/Access | Found Gamma Bomb Array 37296 | -1/Access | Found Gamma Bomb Array 37381 | -1/Access | System corruption reached 10% 37418 | -1/Access | Core integrity fell below 50% 37439 | -1/Access | Discovered new exit (range 2) 37444 | *** | Escaped! Last Messages --------------- 37420_ Microwarped (distance 12). 37421_ Microwarped (distance 13). 37421_ Penetrated by Slug. 37421_ Slug penetrates Wall. 37422_ Microwarped (distance 5). 37423_ Microwarped (distance 12). 37424_ Microwarped (distance 8). 37425_ System corrupted: Matter fused (-5). 37425_ Dropped Lgt. Quantum Reactor+. 37425_ Microwarped (distance 8). 37431_ Dropped Particle Reactor. 37432_ Microwarped (distance 7). 37433_ Hvy. Shield Leg destroyed. 37433_ Chain reaction triggered in Corrupted Particle Reactor. 37433_ Sealed Barrier breached. 37435_ Microwarped (distance 11). 37436_ Main Access Shell breached. 37439_ EXIT=FOUND 37440_ System corrupted: Adv. Heat Sink rejected. 37441_ Acquired Adv. Heat Sink. Map ----- +----------------------------------------------------+ | ???????????????????????########### ## | | ?????????????????????????????????# ###### ## | | ?????????????????????????????????# #????# ## | | ?????????????????????????????????# #????# ## | | ?????????????????????????????????# #????# ## | | ?????????????????????????????????#^ ^ ######/## | | ?????????????????????????????????# # | | ?????????????????????????????????# # | | ?????????????????????????????????# # """ | | ?????????????????????????????????# # "" "" | | ##########???????????????###+###?# + "" "" | | #?????##+######## #?# # | | #?????# ### ## | | " ####### ## | | " / ####### ########## | | """ ################# #?????# #???# | | """ #???????????????#######?????# #???# | | " #???????????????????????????# #???# | | " #???????????????????????????# #???# | | #???????????????????????????# #???# | | #????????????????####"####### #???# | | #????????????????? " #???# | | #????????????????? " #???# | | #####+####????????????"""""" " #???# | | ??????????????????????" " w #???###### | | ???????? ?????????????" "@ #?######## | | ????? ????????????" "" " #?# | | ??? ????????????" " " #?# | | #????????????"""""" " #?# | | #????????????????? " "" "" #?# | | #????????????????? """"T""" #?# | | #?????????????????###"####### #?# | | #???????????????????????????# #?# | | #???????????????????????????# #?# | | ?????????????????????????# #?# | | ####+####????????????????????????????# #?# | | #????????????????????????????????????# #?# | | ?????????????????????????????????????# #?# | | ?????????????????????????????????????# #?# | | ?????????????????????????????????????# #?# | | ????????????????????????????????????? ?# | | ????????????????????????????????????? "" ?# | | ????????????????????????????????????# "T ?# | | ????????????????????????????????????# ??# | | ?????????????????#???????????????????# #######+## | | ?????????????????# ??????????????????# | | #???????????????##/###########???????# | | ????????????????# #???????# | | ??#+#???######### #???????# | | ??# #???# # " #???????# | +----------------------------------------------------+ Best States ------------- Heat Dissipation 90 Energy Generation 104 Energy Capacity 790 Matter Stores 300 Matter Capacity 300 Sight Range 23 Robot Scan Range 16 Terrain Scan Density 10 Jamming Range 14 Cloak Strength 4 Power Amplification 40 Armor Coverage 825 Resistance: EM 20 Point Defense Rating 240 Weapon Cycling 20 Phase Shifting 10 Evasion (%) 89 Targeting Accuracy 13 Target Analysis 10 Core Analysis 12 Recoil Reduction 4 Offensive Hacking 20 Authchip Count 1 Item Schematics ----------------- Combat Drone Bay | -7/Data Miner | Free Lgt. Regenerative Plating | -7/Data Miner | Free Multireflex Exoskeleton | -7/Data Miner | Free Exp. Targeting Computer | -7/Data Miner | Free Field Propulsion Drive | -7/Data Miner | Free Remote Force Field | -7/Data Miner | Free Imp. Heavy Machine Gun | -7/Data Miner | Free Disruptor Cannon | -7/Data Miner | Free Imp. Medium Treads | -7/Data Miner | Free Imp. Phase Shifter | -7/Data Miner | Free Adv. Power Amplifier | -7/Data Miner | Free Lrn. Tractor Beam | -7/Data Miner | Free Robot Schematics ------------------ S-27 Virus | -7/Data Miner | Free H-66 Slayer | -7/Data Miner | Free B-48 Gladiator | -7/Data Miner | Free Y-64 Sentinel | -7/Data Miner | Free L-41 Fighter | -7/Data Miner | Free G-50 Soldier | -7/Data Miner | Free Fabricated ------------ Y-54 Guardian | x2 | -7/Factory | Preloaded Repaired ---------- Adv. KE Penetrator | 15% | -4/Factory Adv. KE Penetrator | 46% | -4/Factory Studied --------- Hvy. Assault Rifle | -9/Materials | Hacked Lgt. Treads | -9/Materials | Hacked Gauss Rifle | -7/Factory | Hacked Lgt. Quantum Reactor | -3/Research | Hacked Lgt. Particle Reactor | -3/Research | Hacked Alien Tech Used ----------------- Dimensional Node Initializer Integrity Redistributor Integrated Thermoelectric Network Integrated Reactor LRC Armor LRC Inertial Stabilizer Microwarp Drive Transdimensional Reconstructor Achievements -------------- Vwoop! Challenges ------------ None Game ------ Seed PlasmaLightningMembrane Manual? 0 Play Time 06:42:13 Cumulative 619.7 hours Start 2026.09.17 @ 07:38:19 End 2026.09.24 @ 22:22:04 Sessions 15 Manual Loads 0 Difficulty Rogue Special Mode None Game No. 208 Rogue 187 Adventurer 21 Explorer 0 Win Type 0 Total 35 Types 20/2/8/1/0/0/0/3/0/1 Lore% 50 Gallery% 71 Achievement% 71 Wizard Run 0 Options --------- Layout 1 ASCII 0 Keyboard 0 Movement Mouse Keybinds 0 Fullscreen 2 Font 32/SmallcapsGlow Map View 77x35 Zoom Use 0% Tactical HUD 1 Map Filters NONE Filters NONE Steam 1 RUN: 59255cdd-0b69-435a-85d9-0409160707ff